Map: 熔漿岩地

Players

skykinglewis - Winner!

  • Race: Protoss Protoss
  • Spawn Location: 0:00

作弊欄位(瘋狂)

  • Race: Terran Terran
  • Spawn Location: 0:00

作弊欄位(瘋狂)

  • Race: Terran Terran
  • Spawn Location: 12:00

作弊欄位(瘋狂)

  • Race: Terran Terran
  • Spawn Location: 5:00

作弊欄位(瘋狂)

  • Race: Terran Terran
  • Spawn Location: 6:00

作弊欄位(瘋狂)

  • Race: Terran Terran
  • Spawn Location: 11:00

作弊欄位(瘋狂)

  • Race: Terran Terran
  • Spawn Location: 7:00

作弊欄位(瘋狂)

  • Race: Terran Terran
  • Spawn Location: 3:00

VOD

Have the link to the VOD?

Description

Time

  • Played on: Jan. 19, 2025, 12:19 p.m.
  • Length: 117:06
Show
View Real Time Build Order
Export as new Build Order

skykinglewis Protoss - Winner!

Build Orders: Carriers 

Get SALT Encoding   

  12  0:02  Probe  
  13  0:14  Probe  
  14  0:25  Pylon  
  14  0:26  Probe  
  15  0:40  Probe  
  15  0:48  Probe  
  17  1:07  Nexus  
  17  1:29  Nexus  
  17  1:43  Assimilator  
  17  1:45  Probe  
  18  1:57  Probe  
  19  2:04  Gateway  
  19  2:19  Probe  
  19  2:22  Nexus  
  20  2:27  Probe  
  20  2:35  Probe  
  21  2:40  Probe  
  23  2:47  Probe  
  23  2:48  Probe  
  24  2:56  Probe  
  24  2:58  Probe  
  27  3:06  Probe  
  27  3:09  Probe  
  29  3:14  Probe  
  29  3:17  Nexus  
  30  3:21  Probe x2  
  30  3:22  Probe  
  33  3:30  Probe  
  33  3:31  Probe  
  33  3:33  Probe  
  34  3:39  Probe  
  36  3:42  Probe  
  36  3:45  Probe, Assimilator  
  39  3:48  Probe  
  39  3:54  Probe  
  41  3:55  Probe  
  41  3:57  Probe  
  41  4:02  Pylon  
  43  4:04  Probe  
  43  4:05  Probe  
  43  4:06  Probe  
  46  4:12  Probe  
  46  4:13  Forge  
  46  4:14  Probe  
  46  4:15  Cybernetics Core  
  47  4:17  Probe  
  47  4:18  Probe  
  47  4:19  Assimilator  
  47  4:22  Probe  
  47  4:23  Probe, Assimilator  
  51  4:29  Assimilator, Probe  
  51  4:30  Probe  
  53  4:32  Probe  
  53  4:34  Assimilator  
  55  4:40  Probe  
  55  4:41  Probe x2  
  55  4:43  Assimilator  
  58  4:46  Assimilator  
  58  4:48  Probe  
  58  4:50  Probe  
  60  4:53  Probe  
  60  4:56  Probe  
  60  4:57  Pylon  
  60  4:58  Pylon  
  61  5:02  Protoss Shields Level 1, Probe  
  61  5:04  Robotics Facility  
  61  5:06  Probe  
  63  5:09  Protoss Air Weapons Level 1  
  63  5:11  Probe  
  65  5:14  Probe  
  65  5:18  Probe  
  65  5:19  Probe  
  68  5:29  Probe  
  68  5:30  Probe  
  68  5:34  Probe  
  71  5:37  Probe  
  71  5:41  Probe x2  
  73  5:43  Assimilator  
  73  5:46  Probe  
  73  5:49  Probe x2  
  76  5:53  Probe  
  76  5:55  Assimilator  
  78  5:57  Probe  
  79  6:05  Probe  
  79  6:09  Probe  
  79  6:10  Warp Prism  
  83  6:17  Probe  
  84  6:21  Probe  
  84  6:24  Pylon  
  85  6:29  Probe  
  86  6:33  Probe  
  87  6:45  Warp Prism, Probe  
  90  6:57  Probe  
  91  7:08  Protoss Air Armor Level 1  
  91  7:09  Probe  
  92  7:25  Nexus  
  92  7:31  Nexus  
  90  7:47  Assimilator  
  90  7:51  Assimilator  
  90  7:57  Assimilator  
  90  8:01  Assimilator  
  90  8:07  Pylon  
  90  8:09  Pylon  
  90  8:12  Pylon  
  90  8:14  Pylon  
  90  8:18  Pylon  
  90  8:22  Pylon  
  90  8:25  Pylon  
  90  8:26  Nexus  
  90  8:29  Pylon  
  90  8:32  Pylon  
  90  8:33  Nexus  
  90  8:36  Pylon, Assimilator  
  90  8:40  Pylon, Assimilator  
  88  8:47  Assimilator  
  84  8:51  Assimilator  
  61  9:12  Probe  
  60  9:17  Probe  
  60  9:24  Probe  
  60  9:26  Stargate  
  60  9:27  Stargate  
  60  9:29  Probe, Stargate  
  60  9:31  Stargate  
  62  9:34  Cybernetics Core  
  62  9:36  Forge, Probe  
  63  9:38  Gateway  
  63  9:41  Probe  
  64  9:48  Probe  
  64  9:50  Probe  
  64  9:52  Probe  
  59  9:53  Probe  
  59  9:58  Probe x2  
  50  10:00  Probe  
  50  10:01  Probe  
  50  10:06  Probe  
  54  10:08  Probe x2  
  54  10:11  Probe  
  58  10:15  Probe  
  58  10:19  Probe  
  58  10:20  Probe  
  61  10:22  Photon Cannon  
  61  10:23  Photon Cannon, Probe  
  61  10:25  Photon Cannon  
  61  10:27  Photon Cannon, Probe  
  61  10:28  Photon Cannon  
  63  10:29  Photon Cannon  
  63  10:30  Photon Cannon  
  63  10:31  Photon Cannon, Probe  
  63  10:32  Probe  
  63  10:33  Photon Cannon  
  63  10:34  Photon Cannon  
  63  10:35  Photon Cannon, Probe  
  66  10:36  Photon Cannon  
  66  10:38  Photon Cannon x2, Probe  
  66  10:39  Photon Cannon  
  67  10:46  Probe  
  67  10:54  Probe  
  67  10:57  Photon Cannon x2  
  60  11:05  Probe  
  60  11:09  Photon Cannon  
  56  11:11  Photon Cannon  
  56  11:14  Photon Cannon  
  56  11:17  Photon Cannon, Probe  
  56  11:18  Photon Cannon  
  61  11:24  Void Ray x4  
  69  11:28  Shield Battery  
  69  11:30  Shield Battery  
  69  11:31  Shield Battery  
  69  11:33  Shield Battery  
  69  11:35  Shield Battery  
  69  11:36  Probe  
  69  11:37  Shield Battery  
  69  11:38  Probe, Shield Battery  
  70  11:40  Shield Battery  
  70  11:42  Shield Battery  
  70  11:43  Shield Battery  
  70  11:44  Probe, Shield Battery  
  70  11:45  Probe  
  70  11:46  Shield Battery  
  70  11:48  Shield Battery  
  70  11:50  Probe  
  70  11:51  Shield Battery  
  70  11:52  Shield Battery  
  71  11:54  Probe  
  71  11:56  Probe  
  71  11:58  Probe  
  71  11:59  Fleet Beacon  
  77  12:04  Probe  
  77  12:06  Probe x2  
  77  12:07  Void Ray x4  
  92  12:08  Probe  
  92  12:12  Probe  
  92  12:15  Probe  
  94  12:16  Probe x2  
  94  12:22  Probe  
  93  12:23  Probe  
  93  12:26  Probe  
  93  12:29  Probe  
  90  12:33  Probe  
  90  12:34  Probe  
  90  12:35  Pylon  
  92  12:38  Pylon, Probe  
  92  12:41  Pylon  
  93  12:45  Probe  
  93  12:46  Pylon, Probe  
  93  12:50  Probe  
  93  12:51  Photon Cannon  
  96  12:57  Photon Cannon, Probe  
  97  12:58  Photon Cannon  
  97  13:00  Photon Cannon  
  97  13:01  Photon Cannon  
  97  13:02  Shield Battery  
  97  13:04  Carrier x2  
  97  13:05  Shield Battery  
  115  13:10  Void Ray x2  
  115  13:16  Protoss Air Weapons Level 2  
  115  13:18  Twilight Council  
  108  13:20  Cybernetics Core  
  108  13:26  Probe  
  105  13:38  Probe  
  110  13:50  Probe  
  110  13:53  Void Ray  
  111  13:58  Shield Battery  
  111  14:00  Shield Battery  
  111  14:01  Shield Battery  
  111  14:02  Protoss Shields Level 2  
  111  14:05  Shield Battery  
  111  14:14  Tempest  
  111  14:15  Carrier  
  123  14:18  Probe  
  123  14:20  Void Ray  
  123  14:21  Probe  
  123  14:22  Protoss Air Armor Level 2  
  119  14:30  Probe  
  117  14:31  Shield Battery  
  117  14:33  Probe, Shield Battery  
  117  14:35  Shield Battery  
  114  14:40  Photon Cannon  
  114  14:45  Probe  
  115  14:53  Photon Cannon  
  115  14:54  Photon Cannon, Probe  
  116  15:02  Probe  
  117  15:10  Shield Battery  
  117  15:11  Probe  
  118  15:23  Probe  
  119  15:31  Shield Battery  
  119  15:35  Probe, Tempest  
  127  15:37  Carrier  
  127  15:40  Void Ray  
  127  15:42  Void Ray  
  138  15:51  Protoss Air Weapons Level 3  
  138  16:23  Carrier  
  148  16:26  Void Ray  
  148  16:31  Pylon  
  148  16:33  Pylon  
  148  16:35  Pylon  
  148  16:37  Pylon  
  148  16:40  Pylon  
  148  16:51  Shield Battery  
  152  16:55  Void Ray  
  156  17:16  Carrier  
  156  17:18  Void Ray  
  162  17:48  Carrier  
  172  17:51  Void Ray  
  172  18:02  Carrier  
  178  18:18  Protoss Shields Level 3  
  178  18:31  Tempest  
  186  18:42  Void Ray  
  186  19:17  Protoss Air Armor Level 3  
  190  19:35  Void Ray  
  190  19:39  Pylon  
  190  19:42  Pylon  
  190  19:46  Photon Cannon x2  
  190  19:47  Photon Cannon  
  190  20:19  Tempest  
  198  20:25  Void Ray  
  198  21:03  Robotics Facility  
  198  21:51  Observer  
  199  21:54  Flux Vanes  
  199  22:09  Observer  
  200  23:07  Photon Cannon  
  200  23:15  Photon Cannon  
  199  24:05  Photon Cannon  
  199  24:09  Photon Cannon  
  199  24:22  Shield Battery  
  199  25:05  Unknown  
  199  25:33  Photon Cannon  
  195  26:13  Observer  
  196  26:30  Observer  
  183  28:16  Pylon  
  183  28:23  Photon Cannon  
  183  28:26  Photon Cannon  
  183  28:28  Photon Cannon x3  
  183  28:29  Photon Cannon  
  183  28:30  Shield Battery  
  183  28:31  Shield Battery  
  183  28:32  Shield Battery  
  183  28:40  Photon Cannon  
  183  28:43  Mothership, Photon Cannon  
  183  28:46  Tempest  
  199  28:53  Void Ray  
  199  30:10  Void Ray  
  199  30:11  Void Ray  
  199  30:18  Photon Cannon  
  199  31:15  Photon Cannon  
  196  31:30  Tempest  
  200  32:26  Void Ray  
  200  39:02  Tempest  
  184  40:45  Tempest  
  184  40:49  Void Ray  
  184  40:51  Mothership  
  196  43:38  Tempest  
  200  46:16  Shield Battery  
  200  46:18  Shield Battery  
  200  46:53  Void Ray  
  176  48:41  Tempest  
  184  48:46  Void Ray  
  184  48:47  Void Ray  
  188  48:53  Tempest  
  192  49:14  Carrier  
  198  54:48  Photon Cannon  
  198  54:51  Photon Cannon  
  198  54:59  Shield Battery  
  198  55:01  Photon Cannon  
  190  57:07  Void Ray x2  
  197  60:39  Void Ray  
  200  60:54  Void Ray  
  200  62:07  Observer  
  196  62:46  Void Ray  
  198  64:48  Observer  
  199  65:22  Observer  
  196  67:07  Void Ray  
  192  70:03  Void Ray  
  191  72:49  Observer  
  155  90:17  Tempest  
  142  107:21  Observer  
Show
View Real Time Build Order
Export as new Build Order

作弊欄位(瘋狂) Terran 

Build Orders: 2 Factory, Mech 

Get SALT Encoding   

  12  0:01  SCV  
  13  0:13  SCV  
  14  0:18  Supply Depot  
  14  0:25  SCV  
  15  0:40  SCV  
  15  0:42  Barracks  
  16  0:52  SCV  
  17  1:04  SCV  
  17  1:07  Supply Depot  
  17  1:11  Refinery  
  18  1:16  SCV  
  19  1:28  SCV  
  19  1:29  Marine  
  21  1:40  SCV  
  21  1:46  Marine  
  23  1:50  Refinery  
  23  1:52  SCV  
  24  1:57  Barracks  
  24  2:04  SCV, Marine  
  26  2:09  Factory  
  26  2:17  SCV  
  26  2:22  Marine  
  28  2:23  Supply Depot  
  28  2:29  SCV  
  29  2:31  Factory  
  29  2:40  Marine  
  29  2:41  SCV  
  31  2:44  Marine  
  31  2:49  Barracks  
  32  2:53  SCV  
  32  2:54  Factory Tech Lab  
  32  2:58  Marine  
  34  3:05  SCV  
  35  3:13  Supply Depot  
  35  3:15  Factory Tech Lab  
  35  3:17  SCV  
  36  3:29  SCV  
  37  3:35  Siege Tank  
  37  3:37  Siege Tank  
  37  3:41  Supply Depot, SCV  
  43  3:45  Supply Depot  
  44  3:53  SCV  
  45  4:03  Marine  
  45  4:05  SCV  
  45  4:07  Supply Depot, Siege Tank  
  45  4:08  Marine  
  45  4:09  Siege Tank  
  54  4:10  Armory  
  54  4:18  SCV  
  55  4:28  Supply Depot  
  55  4:30  SCV, Marine  
  57  4:39  Siege Tank  
  57  4:40  Armory  
  57  4:41  Siege Tank  
  57  4:42  SCV  
  64  4:49  Supply Depot  
  64  4:53  Marine  
  64  4:54  SCV  
  66  5:00  Supply Depot  
  66  5:06  SCV  
  67  5:10  Barracks Tech Lab  
  67  5:11  Siege Tank  
  67  5:13  Hellion  
  72  5:18  SCV  
  73  5:22  Marine  
  73  5:26  Supply Depot  
  74  5:30  SCV  
  74  5:33  Engineering Bay  
  74  5:35  Hellion  
  77  5:42  Engineering Bay, SCV  
  78  5:44  Hellion  
  78  5:45  Command Center  
  80  5:53  Terran Vehicle Weapons Level 1  
  80  5:54  SCV, Terran Vehicle And Ship Armor Level 1  
  80  5:55  Stimpack  
  80  5:56  Hellion  
  83  6:02  Terran Infantry Weapons Level 1  
  83  6:05  Hellion  
  83  6:06  SCV  
  83  6:09  Terran Infantry Armor Level 1  
  86  6:15  Missile Turret  
  86  6:17  Hellion  
  88  6:24  Factory  
  88  6:25  Infernal Pre-Igniter  
  88  6:27  Hellion  
  88  6:29  Marauder  
  92  6:32  Supply Depot  
  92  6:38  Missile Turret  
  92  6:39  Hellion  
  94  6:48  Cyclone  
  94  6:51  Marauder, Barracks  
  99  6:58  Supply Depot  
  99  7:00  Widow Mine  
  101  7:02  Missile Turret  
  101  7:10  Widow Mine  
  101  7:12  Marauder, Refinery, Orbital Command  
  105  7:20  Cyclone  
  105  7:22  Missile Turret, Widow Mine  
  110  7:30  Missile Turret  
  110  7:31  Widow Mine  
  110  7:32  Refinery  
  110  7:34  Marauder  
  110  7:35  Combat Shield  
  110  7:36  SCV  
  115  7:38  SCV  
  115  7:42  Starport  
  116  7:48  Orbital Command  
  116  7:54  Terran Vehicle Weapons Level 2, SCV  
  117  7:58  Supply Depot  
  117  8:03  Terran Infantry Weapons Level 2  
  117  8:09  Hellion  
  117  8:12  Hellion  
  121  8:15  Barracks Reactor  
  121  8:16  Barracks Tech Lab  
  121  8:18  Starport Tech Lab  
  121  8:26  Marine  
  122  8:29  Hi-Sec Auto Tracking  
  122  8:30  Starport, Marine  
  122  8:32  Supply Depot  
  123  8:34  Marine  
  123  8:38  Raven  
  126  8:44  Marine  
  127  8:53  Marine  
  127  8:54  Marine  
  129  8:55  Marine  
  129  8:57  Marine, Siege Tank  
  129  9:00  Factory, Factory Tech Lab  
  134  9:04  Supply Depot  
  134  9:07  Thor  
  134  9:09  Medivac  
  142  9:12  Raven  
  144  9:18  Missile Turret  
  144  9:25  Thor  
  144  9:26  Neosteel Armor  
  144  9:30  Marauder  
  152  9:32  Marauder, Supply Depot  
  154  9:39  Medivac  
  154  9:42  Missile Turret  
  156  9:46  Viking  
  158  9:54  Marauder  
  158  9:57  Marauder, Supply Depot  
  162  10:09  Viking  
  162  10:12  Concussive Shells  
  164  10:16  Medivac  
  166  10:22  Supply Depot  
  166  10:38  Medivac  
  168  10:45  Marauder  
  168  10:46  Medivac  
  168  10:47  Marauder  
  168  10:49  Supply Depot  
  174  11:06  Marauder  
  174  11:08  Marauder, Medivac  
  180  11:16  Medivac  
  180  11:17  Supply Depot  
  182  11:28  Marauder  
  182  11:30  Marauder  
  186  11:38  Medivac  
  188  11:46  Supply Depot  
  188  11:49  Marauder  
  188  11:51  Marauder  
  192  11:58  Fusion Core  
  192  12:02  Terran Infantry Armor Level 2  
  192  12:07  Terran Vehicle Weapons Level 3  
  192  12:10  Marauder  
  192  12:12  Terran Vehicle And Ship Armor Level 2  
  192  12:13  Marauder  
  196  12:30  Terran Infantry Weapons Level 3  
  196  12:32  Marauder  
  198  13:12  Marauder  
  200  14:19  Terran Infantry Armor Level 3  
  200  14:30  Terran Vehicle And Ship Armor Level 3  
  200  22:00  Medivac  
  193  22:02  Marauder  
  193  22:03  Viking  
  189  22:30  Viking  
  189  22:33  Medivac  
  183  23:00  Viking  
  183  23:03  Viking  
  184  23:30  Battlecruiser  
  184  23:33  Viking  
  186  24:03  Viking  
  188  24:33  Viking  
  188  24:34  Medivac  
  168  25:03  Medivac  
  168  25:04  Medivac  
  163  25:17  Marauder  
  163  25:20  Marauder  
  158  25:32  Cyclone  
  158  25:33  Viking, Hellion  
  158  25:34  Battlecruiser  
  168  26:03  Viking  
  160  26:33  Medivac  
  160  26:38  Viking  
  162  27:03  Viking  
  164  27:08  Viking  
  166  27:33  Viking  
  168  27:38  Medivac  
  164  28:03  Medivac  
  164  28:08  Viking  
  150  28:20  Thor  
  150  28:23  Thor  
  162  28:32  Viking  
  164  28:36  Marine  
  164  28:38  Viking  
  167  29:02  Viking  
  167  29:08  Viking  
  164  29:32  Medivac  
  164  29:38  Viking, Cyclone  
  165  30:02  Viking  
  167  30:08  Raven  
  169  30:32  Medivac  
  167  30:43  Widow Mine, Raven  
  167  30:44  Marine  
  167  30:49  Widow Mine  
  172  30:51  Widow Mine  
  174  31:02  Viking  
  176  31:17  Battlecruiser  
  182  31:32  Viking  
  172  32:02  Viking  
  174  32:21  Battlecruiser  
  180  32:32  Viking  
  182  33:02  Viking  
  184  33:25  Battlecruiser  
  190  33:32  Viking  
  192  34:02  Viking  
  194  34:29  Viking  
  196  34:32  Viking  
  198  34:59  Viking  
  200  35:03  Terran Ship Weapons Level 1  
  200  35:09  Weapon Refit  
  200  36:14  Raven  
  198  36:44  Medivac  
  200  36:57  Terran Ship Weapons Level 2  
  200  37:20  Raven  
  200  37:22  Medivac  
  168  37:32  Thor  
  149  37:52  Viking  
  149  37:53  Marauder  
  149  37:54  Marauder, Battlecruiser  
  149  37:56  Hellion  
  149  37:57  Marine  
  149  37:58  Marine  
  128  37:59  Marine  
  130  38:11  Hellion  
  130  38:15  Marauder, Marine  
  130  38:18  Marine  
  134  38:22  Viking, Marine  
  134  38:25  Marine  
  131  38:38  Marine  
  131  38:41  Marauder  
  134  38:42  Marauder  
  134  38:48  Hellion  
  138  38:52  Viking  
  140  38:58  Battlecruiser  
  140  39:02  Marauder  
  148  39:04  Marauder  
  150  39:22  Viking  
  152  39:25  Marauder  
  152  39:28  Marauder  
  156  39:46  Marauder  
  156  39:50  Marauder  
  156  39:52  Viking  
  162  40:03  Raven  
  164  40:22  Viking  
  160  40:37  Medivac  
  154  40:52  Viking  
  156  41:07  Medivac  
  158  41:21  Medivac  
  160  41:37  Raven  
  162  41:51  Viking  
  164  42:11  Viking  
  166  42:21  Viking  
  144  46:03  Marauder  
  133  46:04  Marauder  
  133  46:05  Marine  
  133  46:06  Hellion  
  133  46:07  Marine  
  127  46:14  Marine  
  128  46:23  Marine  
  127  48:33  Marine  
  108  48:34  Marine  
  108  48:36  Marine x2  
  108  48:37  Marine  
  108  48:51  Marine  
  108  48:52  Marine  
  108  48:55  Marine  
  111  49:08  Marine  
  112  49:19  Marine  
  113  49:32  Marine  
  113  49:33  Marine  
  115  54:06  Marine  
  111  54:11  Marine  
  112  54:19  Marine  
  113  54:27  Marine  
  114  54:33  Marine  
  115  58:47  Marine  
  112  58:50  Marine  
  111  58:56  Marine  
  111  58:59  Marine  
  111  59:00  Marine  
  84  59:05  Marine  
  84  59:08  Marine  
  57  59:13  Marine  
  55  66:05  Marine  
  45  66:11  Marine  
  45  66:12  Marine x2  
  45  66:13  Marine  
  45  66:14  Hellion  
  45  66:15  Hellion  
  45  66:16  Hellion  
  45  66:17  Hellion  
  25  66:23  Marine  
  26  66:29  Marine  
  26  66:31  Marine  
  28  71:08  Marine  
  28  71:09  Marine  
  28  71:10  Marine x2  
  20  71:11  Marine, Hellion x2  
  20  71:12  Hellion  
  20  71:13  Hellion  
  25  71:26  Marine x2  
  25  71:27  Marine  
  28  75:51  Marine  
  28  75:59  Marine  
  28  76:00  Marine  
  28  76:01  Marine  
  28  76:04  Marine  
  27  77:16  Marine  
  27  77:19  Marine  
  27  77:20  Hellion  
  26  77:25  Marine  
  23  77:34  Marine, Hellion  
Show
View Real Time Build Order
Export as new Build Order

作弊欄位(瘋狂) Terran 

Build Orders: 2 Factory, Mech 

Get SALT Encoding   

  12  0:01  SCV  
  13  0:13  SCV  
  14  0:17  Supply Depot  
  14  0:25  SCV  
  15  0:39  SCV  
  15  0:41  Barracks  
  16  0:51  SCV  
  17  1:03  SCV  
  18  1:06  Supply Depot  
  18  1:11  Refinery  
  18  1:15  SCV  
  19  1:27  SCV  
  19  1:28  Marine  
  22  1:40  SCV  
  22  1:45  Marine  
  23  1:50  Refinery  
  23  1:52  SCV  
  24  1:56  Barracks  
  24  2:03  Marine  
  24  2:04  SCV  
  24  2:08  Factory  
  26  2:16  SCV  
  26  2:21  Supply Depot, Marine  
  28  2:28  SCV  
  28  2:29  Factory  
  29  2:39  Marine  
  29  2:40  SCV  
  29  2:44  Marine  
  31  2:48  Barracks  
  32  2:52  Factory Tech Lab, SCV  
  32  2:57  Marine  
  34  3:04  SCV  
  35  3:10  Supply Depot  
  35  3:13  Factory Tech Lab  
  35  3:16  SCV  
  36  3:28  SCV  
  36  3:32  Siege Tank  
  36  3:33  Siege Tank  
  43  3:36  Supply Depot  
  43  3:40  SCV  
  44  3:43  Supply Depot  
  44  3:53  SCV  
  45  3:58  Marine  
  46  4:03  Supply Depot  
  46  4:04  Siege Tank  
  46  4:05  SCV, Armory, Siege Tank  
  46  4:06  Marine  
  54  4:17  SCV  
  55  4:26  Marine  
  55  4:27  Supply Depot  
  55  4:29  SCV  
  57  4:37  Siege Tank  
  57  4:38  Siege Tank  
  63  4:39  Armory  
  63  4:41  SCV  
  64  4:45  Supply Depot  
  64  4:50  Marine  
  65  4:53  SCV  
  65  4:58  Supply Depot  
  66  5:05  SCV  
  67  5:07  Barracks Tech Lab  
  67  5:09  Siege Tank  
  67  5:10  Hellion  
  72  5:17  SCV  
  73  5:23  Command Center  
  73  5:29  SCV  
  73  5:31  Hellion  
  73  5:32  Factory  
  76  5:39  Terran Vehicle And Ship Armor Level 1, Infernal Pre-Igniter, Terran Vehicle Weapons Level 1  
  76  5:41  SCV, Hellion  
  79  5:53  Hellion  
  79  5:54  SCV  
  82  5:57  Engineering Bay  
  82  6:02  Hellion  
  84  6:08  Supply Depot  
  84  6:14  Hellion  
  84  6:18  Barracks, Factory Tech Lab  
  86  6:23  Thor  
  92  6:26  Missile Turret  
  92  6:32  Supply Depot  
  92  6:35  Siege Tank  
  92  6:36  SCV  
  92  6:37  SCV  
  97  6:48  Refinery  
  97  6:49  Thor  
  103  6:54  Missile Turret, Orbital Command  
  103  7:01  Missile Turret  
  103  7:03  Refinery  
  103  7:11  SCV  
  103  7:13  Thor  
  110  7:23  SCV  
  110  7:24  Missile Turret  
  110  7:26  SCV  
  110  7:28  Supply Depot  
  110  7:29  Thor  
  112  7:32  Widow Mine  
  112  7:35  SCV  
  121  7:42  Terran Vehicle Weapons Level 2  
  121  7:49  Missile Turret  
  121  7:54  Widow Mine  
  121  7:55  Starport  
  121  7:56  Hellion  
  125  8:00  Supply Depot  
  125  8:07  Barracks Reactor  
  125  8:08  Orbital Command  
  125  8:09  Barracks Tech Lab  
  125  8:13  Hi-Sec Auto Tracking, Hellion  
  127  8:22  Hellion  
  127  8:26  Hellion  
  131  8:27  Supply Depot  
  131  8:31  Engineering Bay, Medivac  
  133  8:36  Factory  
  133  8:43  Starport, Cyclone  
  136  8:49  Cyclone  
  136  8:54  Supply Depot  
  139  8:57  Neosteel Armor  
  139  9:00  Thor  
  139  9:01  Starport Tech Lab  
  145  9:10  Missile Turret  
  145  9:17  Thor  
  145  9:19  Marine  
  145  9:20  Supply Depot, Medivac  
  145  9:21  Viking  
  145  9:23  Stimpack  
  156  9:26  Combat Shield  
  156  9:29  Terran Infantry Weapons Level 1  
  156  9:37  Missile Turret  
  156  9:41  Marine  
  156  9:44  Marine  
  158  9:45  Marine  
  158  9:47  Supply Depot, Marine  
  158  9:50  Viking  
  158  9:51  Medivac  
  164  10:04  Marauder  
  166  10:16  Supply Depot  
  166  10:20  Raven  
  166  10:21  Medivac  
  170  10:29  Command Center  
  170  10:41  Marauder  
  172  10:45  Supply Depot  
  172  10:49  Marauder  
  174  10:51  Medivac  
  174  10:54  Medivac  
  178  11:11  Marauder, Supply Depot  
  180  11:12  Marauder  
  182  11:21  Medivac  
  182  11:24  Medivac  
  186  11:32  Marauder  
  188  11:33  Marauder  
  188  11:39  Supply Depot  
  190  11:45  SCV  
  190  11:46  SCV  
  192  11:49  SCV  
  192  11:53  Marauder  
  195  11:54  Marauder, Raven  
  195  11:57  SCV  
  195  11:58  Terran Infantry Weapons Level 2  
  200  12:02  Terran Vehicle Weapons Level 3, Terran Vehicle And Ship Armor Level 2  
  200  12:03  Concussive Shells  
  200  12:06  Refinery, Orbital Command  
  200  12:08  Terran Infantry Armor Level 1  
  200  12:11  Missile Turret  
  200  12:19  Missile Turret  
  200  12:26  Missile Turret  
  200  12:31  Refinery  
  200  14:04  Terran Infantry Armor Level 2  
  200  14:19  Terran Infantry Weapons Level 3  
  200  14:20  Terran Vehicle And Ship Armor Level 3  
  200  16:04  Command Center  
  200  16:21  Terran Infantry Armor Level 3  
  200  16:43  Medivac  
  200  16:45  Marauder  
  200  16:46  Marauder  
  200  16:55  Medivac  
  180  17:10  Marauder  
  180  17:13  Medivac  
  168  17:16  Marauder  
  168  17:17  Fusion Core  
  168  17:18  Cyclone  
  168  17:20  Siege Tank  
  160  17:25  Viking  
  160  17:27  Refinery  
  160  17:28  Planetary Fortress  
  162  17:35  Siege Tank  
  165  17:43  Viking  
  167  17:46  Marauder  
  169  17:54  Refinery  
  169  17:55  Viking, Siege Tank  
  169  17:56  Thor  
  180  18:13  Viking  
  180  18:19  Missile Turret  
  182  18:24  Medivac  
  184  18:29  Missile Turret  
  184  18:43  Medivac  
  184  18:47  Missile Turret  
  186  18:49  Marauder  
  186  18:51  Marauder  
  186  18:55  Medivac  
  184  19:10  Marauder  
  184  19:12  Medivac  
  188  19:24  Marauder  
  188  19:25  Viking  
  190  19:42  Viking  
  192  19:55  Medivac  
  193  20:04  Marauder  
  193  20:06  Marauder  
  183  20:12  Viking  
  183  20:25  Viking  
  175  20:42  Medivac  
  170  20:55  Medivac  
  172  21:08  Marauder  
  172  21:09  Marauder  
  167  21:13  Raven  
  169  21:25  Medivac  
  167  21:46  Siege Tank  
  167  21:47  Viking  
  172  21:55  Medivac  
  164  22:03  Marauder  
  164  22:06  Marauder  
  166  22:17  Raven  
  166  22:22  Siege Tank  
  162  22:25  Viking  
  150  22:47  Siege Tank  
  150  22:50  Hellion  
  150  22:51  Marine  
  145  22:54  Cyclone  
  145  22:56  Hellion  
  151  23:00  Viking  
  151  23:04  Marauder  
  150  23:06  Marauder  
  150  23:11  Viking  
  152  23:19  Cyclone  
  153  23:30  Viking  
  153  23:31  Hellion  
  157  23:41  Medivac  
  157  23:46  Siege Tank  
  162  23:52  Thor  
  170  23:56  Marauder  
  170  24:00  Battlecruiser  
  176  24:11  Medivac  
  166  24:31  Marauder  
  166  24:36  Marauder  
  168  24:41  Viking  
  167  25:04  Viking  
  167  25:05  Marauder  
  163  25:11  Medivac  
  165  25:17  Marauder  
  159  25:26  Marauder  
  161  25:35  Raven  
  163  25:41  Medivac  
  165  26:07  Marauder  
  165  26:08  Marauder  
  165  26:09  Viking  
  165  26:12  Medivac  
  165  26:14  Marine  
  165  26:16  Marine  
  154  26:29  Marauder  
  154  26:31  Siege Tank  
  148  26:33  Hellion  
  148  26:34  Siege Tank  
  148  26:36  Marine  
  144  26:40  Marine  
  144  26:43  Widow Mine  
  144  26:46  Viking  
  149  26:50  Viking  
  141  26:56  Cyclone  
  140  27:03  Cyclone  
  140  27:06  Hellion  
  133  27:10  Hellion  
  133  27:13  Marine  
  133  27:15  Marine  
  136  27:17  Marine  
  136  27:21  Marine  
  139  27:23  Marine  
  139  27:29  Liberator  
  143  27:31  Marine, Cyclone  
  143  27:35  Marine  
  148  27:39  Marauder  
  150  27:44  Marauder  
  152  27:59  Ghost Academy  
  152  28:01  Viking  
  154  28:11  Siege Tank  
  163  28:12  Battlecruiser  
  161  28:31  Medivac  
  165  28:34  Hellion  
  165  28:37  Widow Mine  
  165  28:38  Ghost  
  165  28:40  Marauder  
  164  28:57  Command Center  
  164  29:01  Marauder, Medivac  
  166  29:14  Marauder  
  174  29:17  Battlecruiser  
  161  29:26  Marauder  
  161  29:31  Medivac  
  165  29:36  Marauder  
  162  30:06  Medivac  
  164  30:10  Marauder  
  163  30:17  Marauder, Planetary Fortress, Refinery  
  163  30:21  Medivac  
  163  30:24  Refinery  
  160  30:33  Marine  
  160  30:35  Marauder, Missile Turret, Marine  
  150  30:36  Medivac  
  150  30:41  Siege Tank  
  156  30:45  Siege Tank  
  156  30:47  Missile Turret, Marine  
  160  30:50  Siege Tank  
  160  30:51  Battlecruiser  
  169  31:01  Missile Turret  
  169  31:06  Medivac  
  171  31:13  Marauder  
  171  31:16  Missile Turret  
  173  31:23  Marauder  
  152  31:36  Medivac  
  152  31:37  Marine  
  152  31:39  Marauder  
  150  31:44  Marauder  
  152  31:48  Siege Tank  
  152  31:50  Marine  
  156  31:55  Viking, Marine  
  156  31:57  Siege Tank  
  160  32:06  Viking  
  159  32:25  Viking  
  159  32:27  Marauder  
  163  32:36  Viking  
  165  32:56  Raven  
  167  33:06  Viking  
  167  33:11  Marauder  
  163  33:27  Marauder  
  163  33:30  Viking  
  163  33:33  Marauder  
  163  33:36  Medivac  
  163  33:59  Medivac  
  163  34:00  Marauder  
  167  34:03  Marauder  
  167  34:06  Viking  
  159  34:12  Siege Tank  
  159  34:15  Marine  
  142  34:17  Marine  
  142  34:19  Siege Tank  
  142  34:20  Hellion  
  142  34:21  Marauder, Marine  
  151  34:24  Marauder  
  151  34:29  Medivac  
  157  34:31  Hellion  
  157  34:36  Medivac  
  159  34:42  Hellion  
  157  34:54  Marauder  
  157  34:57  Marauder  
  157  34:58  Marine  
  157  34:59  Siege Tank  
  149  35:05  Siege Tank  
  141  35:07  Thor  
  141  35:11  Hellion  
  141  35:12  Marine  
  150  35:17  Marine  
  150  35:18  Raven  
  150  35:20  Viking  
  149  35:28  Marine  
  150  35:29  Marine  
  151  35:38  Marine  
  151  35:42  Hellion  
  154  35:46  Marine  
  155  35:50  Viking  
  155  35:51  Widow Mine  
  155  35:53  Battlecruiser, Hellion  
  155  35:54  Marauder  
  142  36:00  Marine  
  142  36:02  Widow Mine  
  142  36:04  Hellion  
  145  36:05  Marine  
  145  36:11  Marauder  
  148  36:12  Marine  
  148  36:16  Marauder  
  148  36:17  Siege Tank  
  148  36:18  Thor, Marine  
  152  36:23  Viking  
  161  36:38  Widow Mine  
  163  36:41  Marauder  
  165  36:53  Viking  
  167  36:56  Viking  
  169  37:23  Medivac  
  169  37:26  Medivac  
  173  37:36  Marauder  
  175  37:37  Marauder  
  177  37:53  Medivac  
  177  37:56  Medivac  
  177  37:57  Marauder  
  183  38:23  Viking  
  183  38:27  Raven  
  187  38:53  Medivac  
  189  39:01  Medivac  
  191  39:20  Marauder  
  191  39:23  Viking  
  195  39:31  Medivac  
  187  39:46  Marauder  
  187  39:50  Marauder  
  183  39:53  Viking  
  185  40:00  Viking  
  187  40:07  Marauder  
  163  40:21  Marine  
  163  40:23  Medivac  
  163  40:24  Marine  
  163  40:27  Marine  
  160  40:29  Marauder  
  160  40:30  Medivac  
  160  40:35  Marine  
  156  40:39  Marine, Siege Tank  
  160  40:46  Marine  
  152  40:50  Siege Tank  
  152  40:51  Marine  
  152  40:53  Medivac, Siege Tank  
  161  41:00  Medivac  
  161  41:01  Marauder  
  159  41:09  Marauder  
  159  41:12  Cyclone  
  162  41:23  Medivac  
  164  41:27  Siege Tank  
  164  41:30  Viking  
  169  41:37  Marauder  
  169  41:53  Marauder, Medivac  
  173  41:59  Marauder  
  173  42:00  Medivac  
  154  42:09  Cyclone  
  154  42:11  Siege Tank  
  154  42:12  Marine  
  161  42:23  Medivac  
  163  42:31  Battlecruiser  
  163  42:36  Marauder  
  171  42:53  Medivac  
  173  43:23  Viking  
  175  43:35  Medivac  
  177  43:44  Marauder  
  177  43:46  Marauder  
  181  43:53  Medivac  
  183  44:04  Viking  
  187  44:10  Marauder  
  187  44:23  Viking, Marauder  
  191  44:35  Raven  
  193  44:53  Viking  
  195  45:09  Raven  
  197  45:23  Viking  
  199  51:15  Raven  
  197  51:20  Medivac  
  179  51:49  Viking  
  179  51:50  Viking  
  183  52:20  Viking, Battlecruiser  
  191  52:50  Viking  
  193  53:19  Viking  
  193  53:24  Raven  
  187  53:49  Medivac  
  189  53:58  Viking  
  155  54:04  Marine  
  155  54:05  Marauder  
  155  54:07  Marauder  
  148  54:17  Hellion  
  148  54:18  Siege Tank  
  148  54:19  Viking  
  148  54:20  Siege Tank  
  148  54:23  Marine  
  157  54:28  Viking, Marine  
  157  54:31  Marauder  
  157  54:36  Marauder  
  155  54:49  Viking  
  157  54:58  Viking  
  159  55:02  Marauder  
  161  55:19  Medivac  
  163  55:28  Battlecruiser  
  169  55:49  Medivac  
  171  55:54  Marauder  
  171  55:56  Marauder  
  175  56:16  Marauder  
  177  56:19  Medivac  
  179  56:29  Marauder  
  179  56:32  Medivac  
  173  56:40  Marauder  
  175  56:49  Medivac  
  175  56:52  Marauder  
  179  57:01  Marauder  
  179  57:02  Raven  
  183  57:19  Viking  
  181  57:36  Viking  
  183  57:49  Medivac  
  185  58:03  Missile Turret  
  185  58:06  Medivac  
  187  58:19  Viking  
  189  58:36  Viking  
  191  58:49  Medivac  
  193  59:06  Medivac  
  195  59:19  Viking  
  195  59:22  Missile Turret  
  197  59:36  Raven  
  199  59:49  Missile Turret  
  199  60:10  Medivac  
  197  60:15  Raven  
  197  60:17  Terran Ship Weapons Level 1  
  167  60:33  Cyclone  
  170  60:36  Hellion  
  170  60:40  Viking  
  174  60:45  Siege Tank  
  174  60:49  Battlecruiser  
  183  61:10  Viking  
  519  61:40  Viking  
  187  61:53  Viking  
  189  62:09  Viking  
  191  62:23  Viking  
  185  62:39  Viking  
  177  62:53  Raven  
  179  63:09  Viking  
  167  63:20  Marauder  
  167  63:23  Marauder  
  168  63:27  Battlecruiser  
  174  63:39  Medivac  
  176  63:42  Marauder  
  178  64:09  Viking  
  180  64:31  Viking  
  182  64:39  Medivac  
  184  65:01  Viking  
  186  65:09  Viking  
  188  65:31  Viking  
  186  65:39  Viking  
  176  66:01  Viking  
  178  66:09  Viking  
  180  66:31  Viking  
  182  66:39  Viking  
  184  67:01  Viking  
  186  67:09  Viking  
  188  67:31  Raven  
  190  67:39  Viking  
  573  68:05  Viking  
  170  68:08  Hellion  
  170  68:09  Viking  
  159  68:21  Marine  
  159  68:22  Marine  
  159  68:24  Marauder  
  163  68:27  Marauder  
  161  68:35  Viking  
  161  68:39  Viking  
  165  68:45  Marauder  
  167  69:05  Viking  
  167  69:09  Medivac  
  171  69:35  Viking  
  172  69:39  Viking  
  174  70:05  Medivac  
  176  70:09  Viking  
  176  70:35  Viking  
  160  70:39  Viking  
  162  71:05  Viking  
  162  71:09  Viking  
  166  71:35  Viking  
  166  71:39  Medivac  
  170  72:05  Medivac  
  172  72:09  Viking  
  174  72:35  Viking  
  176  72:39  Viking  
  178  73:05  Viking  
  180  73:09  Medivac  
  166  73:35  Raven  
  166  73:39  Viking  
  170  74:09  Viking x2  
  174  74:39  Viking x2  
  176  75:09  Viking, Raven  
Show
View Real Time Build Order
Export as new Build Order

作弊欄位(瘋狂) Terran 

Build Orders: 2 Factory, Mech 

Get SALT Encoding   

  12  0:01  SCV  
  13  0:13  SCV  
  14  0:18  Supply Depot  
  14  0:25  SCV  
  15  0:40  SCV  
  16  0:47  Barracks  
  16  0:52  SCV  
  18  1:04  SCV  
  18  1:06  Supply Depot  
  18  1:10  Refinery  
  18  1:16  SCV  
  19  1:28  SCV  
  20  1:34  Marine  
  21  1:40  SCV  
  22  1:49  Refinery  
  22  1:52  SCV, Marine  
  24  1:55  Barracks  
  24  2:04  SCV  
  25  2:09  Factory  
  25  2:10  Marine  
  26  2:16  SCV  
  26  2:22  Supply Depot  
  27  2:28  Marine  
  27  2:29  Factory, SCV  
  29  2:41  SCV  
  29  2:42  Marine  
  31  2:45  Marine  
  31  2:46  Barracks  
  32  2:53  SCV  
  32  2:54  Factory Tech Lab  
  33  3:00  Marine  
  33  3:05  SCV  
  35  3:11  Supply Depot  
  35  3:13  Factory Tech Lab  
  35  3:17  SCV  
  36  3:29  SCV  
  36  3:33  Siege Tank x2  
  43  3:37  Supply Depot  
  43  3:41  SCV  
  43  3:45  Supply Depot  
  44  3:53  SCV  
  45  3:59  Marine  
  46  4:03  Supply Depot  
  46  4:05  SCV, Siege Tank  
  46  4:07  Armory, Siege Tank  
  46  4:08  Marine  
  54  4:17  SCV  
  55  4:27  Marine  
  55  4:30  Supply Depot, SCV  
  57  4:37  Siege Tank  
  60  4:39  Armory, Siege Tank  
  60  4:42  SCV  
  64  4:47  Supply Depot  
  64  4:53  Marine  
  64  4:54  SCV  
  64  4:59  Supply Depot  
  66  5:06  SCV  
  67  5:09  Barracks Tech Lab, Siege Tank  
  67  5:12  Hellion  
  72  5:18  SCV  
  72  5:21  Marine  
  74  5:22  Command Center  
  74  5:26  Engineering Bay  
  74  5:30  SCV  
  74  5:33  Hellion  
  77  5:39  Terran Vehicle Weapons Level 1  
  77  5:40  Engineering Bay, Terran Vehicle And Ship Armor Level 1  
  77  5:41  Hellion, Stimpack  
  77  5:42  SCV  
  80  5:54  Terran Infantry Weapons Level 1, SCV, Hellion  
  83  6:02  Supply Depot  
  83  6:03  Hellion  
  85  6:06  Terran Infantry Armor Level 1  
  85  6:13  Missile Turret  
  85  6:16  Hellion  
  87  6:20  Factory  
  87  6:24  Hellion  
  89  6:26  Infernal Pre-Igniter  
  89  6:29  Marauder  
  91  6:33  Supply Depot  
  91  6:37  SCV, Hellion  
  91  6:38  SCV  
  95  6:40  Missile Turret  
  95  6:46  Cyclone  
  98  6:49  SCV  
  98  6:50  SCV  
  98  6:51  Marauder  
  102  6:54  Refinery  
  102  6:59  Missile Turret  
  102  7:02  Cyclone  
  102  7:06  Missile Turret, Widow Mine, Orbital Command  
  107  7:09  Refinery  
  107  7:12  Marauder  
  109  7:15  Barracks  
  109  7:18  SCV  
  109  7:19  Widow Mine  
  109  7:20  Combat Shield  
  112  7:23  Supply Depot  
  112  7:28  Widow Mine  
  114  7:31  Missile Turret  
  114  7:32  SCV  
  114  7:34  Marauder  
  117  7:40  Starport  
  117  7:44  Terran Vehicle Weapons Level 2  
  117  7:46  Supply Depot, Widow Mine  
  117  7:47  Hellion  
  117  7:49  Hellion  
  117  7:50  Orbital Command  
  123  7:54  Terran Infantry Weapons Level 2  
  123  8:07  Barracks Reactor  
  123  8:08  Barracks Tech Lab  
  123  8:10  Marine  
  123  8:12  Supply Depot, Marine  
  125  8:16  Starport Tech Lab  
  125  8:17  Hi-Sec Auto Tracking  
  125  8:24  Starport  
  125  8:28  Marine  
  125  8:29  Marine  
  127  8:34  Marine  
  127  8:36  Raven  
  130  8:44  Factory, Factory Tech Lab  
  130  8:46  Marine x2  
  130  8:47  Marine  
  133  8:48  Supply Depot  
  133  8:49  Siege Tank  
  136  9:00  Thor  
  136  9:01  Medivac  
  144  9:09  Missile Turret  
  144  9:10  Medivac  
  144  9:13  Supply Depot  
  144  9:14  Neosteel Armor  
  146  9:21  Thor  
  152  9:28  Marauder  
  152  9:29  Command Center  
  152  9:31  Viking  
  158  9:38  Marauder, Missile Turret  
  158  9:39  Widow Mine  
  158  9:40  Viking  
  158  9:42  Supply Depot  
  162  9:50  Marauder  
  164  10:01  Medivac  
  166  10:10  Supply Depot, Medivac  
  168  10:31  Medivac  
  168  10:33  Marauder x2  
  174  10:37  Supply Depot  
  174  10:40  Medivac  
  176  10:44  SCV  
  176  10:45  SCV  
  176  10:47  SCV, Refinery  
  179  10:54  Marauder  
  179  10:55  Marauder  
  183  10:57  SCV  
  183  11:01  Medivac  
  186  11:07  Refinery, Orbital Command  
  186  11:10  Medivac  
  188  11:13  Fusion Core, SCV  
  188  11:15  Marauder  
  188  11:16  Marauder  
  193  11:23  Missile Turret  
  193  11:32  Missile Turret  
  193  11:37  Marauder  
  195  11:40  Raven  
  195  11:41  Terran Vehicle Weapons Level 3  
  195  11:43  Missile Turret, Concussive Shells  
  195  11:44  Terran Infantry Armor Level 2  
  197  11:47  Terran Vehicle And Ship Armor Level 2  
  197  11:49  Terran Infantry Weapons Level 3  
  197  12:19  Marauder  
  199  14:04  Terran Infantry Armor Level 3  
  199  14:06  Terran Vehicle And Ship Armor Level 3  
  199  19:50  Raven  
  197  19:56  Marauder  
  197  19:57  Viking  
  197  20:21  Marauder  
  199  21:03  Raven  
  199  21:57  Raven  
  199  22:00  Medivac  
  194  22:01  Marauder  
  194  22:04  Marauder  
  196  22:29  Marauder  
  198  22:30  Viking  
  200  23:10  Viking  
  200  23:34  Raven  
  192  24:03  Medivac  
  192  24:05  Marauder  
  192  24:07  Marauder  
  192  24:08  Viking  
  192  24:26  Marauder  
  194  24:33  Viking  
  194  24:37  Marauder, Medivac  
  181  24:49  Marauder  
  183  25:03  Medivac  
  185  25:07  Viking  
  187  25:33  Medivac  
  189  25:38  Raven  
  187  26:03  Viking  
  189  26:12  Viking  
  191  26:33  Viking  
  193  26:42  Viking  
  190  27:03  Viking  
  192  27:12  Viking  
  175  27:15  Marauder  
  175  27:19  Marauder  
  175  27:33  Viking  
  175  27:37  Marauder  
  175  27:40  Marauder  
  175  27:42  Raven  
  179  28:03  Viking  
  181  28:14  Marauder  
  181  28:16  Raven  
  185  28:32  Viking  
  187  28:43  Marauder  
  187  28:47  Marauder  
  191  28:50  Battlecruiser  
  195  29:02  Viking  
  195  29:04  Marauder  
  197  29:20  Marauder  
  187  29:26  Marauder  
  189  29:32  Viking  
  185  29:54  Viking  
  185  30:02  Viking  
  186  30:24  Viking  
  188  30:32  Viking  
  186  30:54  Raven  
  188  31:02  Viking  
  190  31:28  Viking  
  190  31:32  Viking  
  194  31:58  Viking  
  196  32:02  Viking  
  196  32:28  Viking  
  198  32:32  Viking  
  200  32:37  Terran Ship Weapons Level 1  
  200  34:04  Raven  
  200  34:07  Viking  
  181  34:19  Marauder  
  175  34:37  Medivac  
  175  34:38  Viking  
  177  35:01  Marine  
  176  35:07  Medivac  
  176  35:08  Battlecruiser  
  184  35:37  Viking  
  186  36:07  Viking  
  188  36:12  Medivac  
  190  36:37  Viking  
  192  36:42  Viking  
  194  37:07  Viking  
  196  37:12  Viking  
  190  37:37  Viking  
  190  37:42  Viking  
  194  38:07  Viking  
  194  38:12  Raven  
  198  38:37  Viking  
  200  38:41  Terran Ship Weapons Level 2  
  200  40:15  Raven  
  200  40:18  Viking  
  172  40:30  Marine  
  172  40:31  Marine  
  172  40:33  Marine  
  172  40:34  Marine  
  143  40:36  Marauder  
  143  40:41  Siege Tank  
  148  40:45  Thor  
  148  40:46  Siege Tank  
  148  40:48  Viking, Marine  
  160  40:50  Viking  
  162  40:58  Marauder  
  164  41:18  Thor, Medivac  
  166  41:20  Battlecruiser, Cyclone  
  181  41:47  Viking  
  183  42:09  Marauder  
  183  42:10  Marauder  
  187  42:17  Viking  
  189  42:24  Medivac  
  191  42:30  Marauder  
  193  42:47  Viking  
  195  42:54  Medivac  
  187  43:07  Marauder  
  189  43:17  Viking  
  191  43:24  Raven  
  173  43:40  Marine  
  158  43:42  Marauder  
  158  43:43  Marauder  
  158  43:46  Siege Tank  
  369  43:48  Medivac  
  157  43:49  Marine  
  157  43:50  Marine  
  151  43:57  Siege Tank  
  151  43:58  Raven  
  151  43:59  Hellion  
  154  44:05  Hellion  
  156  44:17  Marine  
  156  44:18  Medivac, Widow Mine  
  156  44:19  Marauder  
  156  44:22  Siege Tank  
  166  44:27  Marine  
  166  44:29  Hellion  
  169  44:32  Viking  
  171  44:48  Viking  
  173  45:02  Medivac  
  173  45:03  Marauder  
  177  45:18  Viking  
  179  45:32  Battlecruiser  
  185  45:48  Viking  
  187  46:18  Viking  
  179  46:37  Raven  
  181  46:48  Viking  
  183  47:11  Viking  
  185  47:18  Viking  
  187  47:41  Viking  
  189  47:48  Viking  
  191  48:10  Medivac  
  193  48:18  Viking  
  195  48:41  Raven  
  197  48:48  Viking  
  179  49:06  Marauder  
  179  49:08  Marauder  
  157  49:10  Marine  
  157  49:12  Marine  
  157  49:15  Battlecruiser  
  157  49:16  Siege Tank  
  168  49:18  Medivac  
  170  49:30  Marauder  
  172  49:44  Marauder  
  174  49:48  Viking  
  176  50:17  Medivac  
  176  50:19  Battlecruiser  
  184  50:47  Medivac  
  186  51:17  Viking  
  188  51:23  Raven  
  178  51:47  Viking  
  180  51:57  Viking  
  182  52:17  Viking  
  184  52:27  Viking  
  186  52:47  Viking  
  188  52:57  Viking  
  190  53:17  Viking  
  192  53:27  Medivac  
  194  53:47  Viking  
  192  53:57  Viking  
  166  54:17  Viking  
  166  54:19  Marauder  
  166  54:21  Marauder  
  172  54:27  Viking  
  174  54:47  Viking  
  176  54:57  Viking  
  178  55:17  Viking  
  180  55:27  Raven  
  182  55:47  Viking  
  184  56:01  Medivac  
  186  56:17  Viking  
  188  56:31  Viking  
  190  56:47  Viking  
  190  57:01  Viking  
  192  57:17  Viking  
  194  57:31  Viking  
  196  57:47  Viking  
  196  57:49  Marauder  
  196  57:51  Marauder  
  193  58:01  Raven  
  193  58:17  Medivac  
  195  58:35  Viking  
  197  58:47  Medivac  
  199  60:17  Raven  
  199  62:33  Raven  
  161  63:08  Raven  
  159  67:55  Marine  
Show
View Real Time Build Order
Export as new Build Order

作弊欄位(瘋狂) Terran 

Build Orders: 2 Factory, Mech 

Get SALT Encoding   

  12  0:01  SCV  
  13  0:13  SCV  
  14  0:18  Supply Depot  
  14  0:25  SCV  
  15  0:40  SCV  
  16  0:46  Barracks  
  16  0:52  SCV  
  17  1:04  SCV  
  17  1:07  Supply Depot  
  17  1:11  Refinery  
  18  1:16  SCV  
  19  1:28  SCV  
  20  1:33  Marine  
  21  1:41  SCV  
  22  1:49  Refinery  
  22  1:50  Marine  
  22  1:53  SCV  
  24  1:58  Barracks  
  24  2:05  SCV  
  25  2:08  Marine  
  25  2:10  Factory  
  26  2:17  SCV  
  27  2:24  Supply Depot  
  27  2:26  Marine  
  27  2:29  SCV  
  29  2:30  Factory  
  29  2:41  SCV  
  29  2:44  Marine  
  30  2:45  Marine  
  30  2:48  Barracks  
  32  2:53  Factory Tech Lab, SCV  
  33  3:02  Marine  
  35  3:05  SCV  
  35  3:12  Supply Depot  
  35  3:16  Factory Tech Lab  
  35  3:17  SCV  
  36  3:29  SCV  
  40  3:34  Siege Tank  
  40  3:35  Siege Tank  
  40  3:38  Supply Depot  
  43  3:42  SCV  
  43  3:45  Supply Depot  
  44  3:54  SCV  
  45  4:00  Marine  
  46  4:03  Supply Depot  
  46  4:06  SCV, Armory, Siege Tank  
  46  4:07  Siege Tank  
  46  4:08  Marine  
  54  4:18  SCV  
  55  4:26  Marine  
  55  4:30  Supply Depot, SCV  
  57  4:38  Siege Tank  
  60  4:39  Siege Tank  
  60  4:41  Armory  
  60  4:42  SCV  
  64  4:47  Supply Depot  
  64  4:52  Marine  
  65  4:54  SCV  
  66  5:00  Supply Depot  
  66  5:06  SCV  
  67  5:10  Barracks Tech Lab, Siege Tank  
  67  5:11  Hellion  
  72  5:18  SCV  
  73  5:21  Marine  
  73  5:26  Engineering Bay  
  74  5:30  SCV  
  74  5:31  Engineering Bay  
  74  5:33  Hellion  
  77  5:36  Command Center  
  79  5:43  SCV, Terran Vehicle Weapons Level 1, Hellion  
  79  5:46  Terran Vehicle And Ship Armor Level 1  
  79  5:47  Stimpack  
  80  5:54  Terran Infantry Weapons Level 1, Hellion  
  80  5:55  SCV  
  83  6:01  Supply Depot  
  83  6:02  Terran Infantry Armor Level 1  
  85  6:04  Hellion  
  85  6:10  Missile Turret  
  85  6:16  Hellion  
  87  6:23  Factory  
  89  6:25  Hellion  
  89  6:27  Infernal Pre-Igniter  
  89  6:31  Marauder  
  91  6:37  Barracks, Hellion  
  91  6:38  Supply Depot  
  93  6:43  Missile Turret  
  93  6:46  Cyclone  
  96  6:50  SCV  
  96  6:51  SCV  
  96  6:53  Marauder  
  100  6:59  Refinery  
  100  7:04  Cyclone  
  100  7:07  Missile Turret, Orbital Command  
  100  7:08  Widow Mine  
  105  7:14  Marauder  
  107  7:16  Missile Turret  
  107  7:18  Refinery  
  107  7:19  Widow Mine  
  109  7:23  SCV  
  109  7:24  Supply Depot  
  109  7:27  Combat Shield  
  109  7:29  Widow Mine  
  112  7:35  Marauder, Starport  
  114  7:39  Widow Mine  
  114  7:41  Missile Turret  
  114  7:42  SCV  
  117  7:49  Terran Vehicle Weapons Level 2  
  117  7:50  Supply Depot  
  117  7:58  Terran Infantry Weapons Level 2, Hellion  
  119  8:00  Hellion  
  119  8:01  Orbital Command  
  121  8:11  Barracks Reactor  
  121  8:14  Starport Tech Lab  
  121  8:19  Marine  
  122  8:23  Hi-Sec Auto Tracking  
  122  8:24  Marine  
  122  8:25  Starport, Marine  
  124  8:29  Supply Depot  
  124  8:32  Raven  
  126  8:39  Barracks Tech Lab  
  126  8:42  Marine  
  127  8:50  Marine  
  127  8:51  Marine  
  127  8:53  Factory, Marine, Siege Tank  
  127  8:54  Factory Tech Lab  
  133  8:57  Supply Depot  
  133  9:00  Marine  
  133  9:02  Medivac  
  136  9:07  Raven  
  136  9:08  Thor  
  144  9:17  Missile Turret  
  144  9:19  Thor  
  144  9:20  Neosteel Armor  
  150  9:26  Marauder, Supply Depot  
  150  9:27  Marauder  
  154  9:32  Viking  
  156  9:40  Medivac  
  156  9:45  Missile Turret  
  158  9:48  Marauder  
  158  9:51  Marauder  
  162  9:54  Supply Depot  
  162  10:02  Medivac  
  164  10:10  Medivac, Concussive Shells  
  166  10:19  Supply Depot  
  166  10:32  Medivac  
  168  10:40  Medivac  
  170  10:44  Marauder  
  170  10:45  Marauder  
  170  10:47  Supply Depot  
  174  11:02  Medivac  
  176  11:05  Marauder  
  176  11:06  Marauder  
  176  11:10  Medivac  
  182  11:13  Supply Depot  
  182  11:26  Marauder  
  182  11:28  Marauder  
  182  11:32  Fusion Core  
  186  11:40  Supply Depot  
  186  11:48  Marauder  
  186  11:49  Marauder  
  190  12:06  Viking  
  192  12:09  Marauder  
  192  12:10  Marauder  
  196  12:31  Marauder  
  198  12:53  Marauder  
  200  13:00  Terran Vehicle And Ship Armor Level 2  
  200  13:05  Terran Infantry Weapons Level 3  
  200  13:07  Terran Infantry Armor Level 2  
  200  13:11  Terran Vehicle Weapons Level 3  
  200  14:07  Command Center  
  200  15:17  Terran Vehicle And Ship Armor Level 3  
  200  15:24  Terran Infantry Armor Level 3  
  200  15:42  Refinery, Orbital Command  
  200  15:52  Missile Turret  
  200  16:01  Missile Turret  
  200  16:09  Missile Turret  
  200  16:55  Refinery  
  200  22:39  Medivac  
  200  22:41  Viking  
  196  23:09  Viking  
  196  23:11  Viking  
  200  23:59  Viking  
  200  24:01  Viking  
  194  24:29  Raven  
  196  24:31  Viking  
  190  24:48  Marauder  
  192  24:57  Marauder  
  188  25:01  Viking  
  188  25:03  Medivac  
  171  25:11  Marauder  
  169  25:19  Marauder  
  171  25:31  Viking  
  171  25:32  Marauder  
  171  25:33  Viking  
  175  26:01  Viking  
  175  26:03  Marauder, Battlecruiser  
  185  26:31  Medivac  
  170  26:50  Marauder  
  170  26:52  Marauder  
  164  27:01  Viking  
  166  27:07  Medivac  
  160  27:11  Marauder  
  160  27:13  Marauder  
  154  27:29  Hellion  
  156  27:31  Viking  
  156  27:36  Marauder  
  160  27:37  Viking  
  162  28:03  Medivac  
  164  28:07  Medivac  
  164  28:12  Marauder  
  168  28:34  Viking  
  168  28:37  Viking  
  168  29:04  Viking  
  168  29:07  Viking  
  164  29:34  Medivac  
  164  29:37  Raven  
  170  29:38  Hellion  
  170  30:04  Viking  
  172  30:11  Raven  
  174  30:19  Marauder  
  174  30:20  Marauder  
  162  30:24  Marine  
  153  30:28  Thor  
  153  30:31  Marine  
  153  30:34  Viking  
  153  30:35  Widow Mine  
  162  30:45  Viking  
  162  30:48  Marine  
  155  30:54  Marine  
  156  31:00  Marine  
  156  31:02  Marine  
  156  31:04  Medivac  
  162  31:11  Widow Mine  
  162  31:15  Viking  
  162  31:17  Marauder  
  164  31:20  Marauder  
  166  31:34  Viking  
  166  31:38  Marauder  
  170  31:41  Marauder  
  170  31:45  Viking  
  174  31:59  Marauder  
  172  32:03  Marauder  
  172  32:04  Medivac  
  170  32:15  Viking  
  164  32:26  Marauder  
  166  32:32  Marauder  
  166  32:33  Viking  
  170  32:45  Medivac  
  172  33:03  Viking  
  174  33:15  Battlecruiser  
  180  33:33  Viking  
  165  33:49  Marine  
  165  33:51  Marine  
  165  33:52  Marine  
  165  33:54  Marine x2  
  162  34:03  Viking  
  164  34:19  Viking  
  166  34:33  Viking  
  168  34:49  Viking  
  166  35:03  Viking  
  168  35:19  Viking  
  170  35:33  Viking  
  172  35:49  Battlecruiser  
  178  36:03  Viking  
  180  36:33  Viking  
  182  36:54  Battlecruiser  
  188  37:03  Viking  
  172  37:33  Viking  
  174  37:44  Marauder  
  152  37:45  Marauder  
  152  37:48  Hellion  
  152  37:49  Marine x2  
  156  37:54  Hellion  
  156  37:58  Viking, Hellion  
  162  38:03  Viking, Marine  
  162  38:04  Marine  
  124  38:08  Widow Mine  
  124  38:09  Cyclone  
  124  38:10  Marine  
  124  38:12  Marine  
  130  38:14  Marine  
  130  38:16  Widow Mine  
  130  38:19  Cyclone  
  137  38:20  Ghost Academy  
  137  38:22  Marine  
  137  38:24  Marine  
  139  38:28  Marine, Battlecruiser  
  146  38:35  Viking  
  146  38:38  Siege Tank  
  146  38:41  Thor  
  151  38:45  Hellion  
  159  38:49  Ghost  
  159  38:51  Widow Mine  
  164  39:03  Marauder  
  164  39:05  Medivac  
  168  39:20  Marauder  
  168  39:22  Cyclone  
  173  39:29  Marauder  
  175  39:32  Medivac  
  175  39:35  Medivac  
  179  39:42  Marauder  
  179  39:54  Marauder  
  179  40:02  Viking  
  179  40:05  Viking  
  183  40:32  Viking  
  183  40:35  Medivac  
  187  41:02  Viking  
  189  41:05  Viking  
  191  41:32  Medivac  
  193  41:35  Medivac  
  195  42:02  Raven  
  195  42:05  Medivac  
  199  42:59  Terran Ship Weapons Level 1  
  199  43:02  Weapon Refit  
  199  43:17  Raven  
  193  43:27  Medivac  
  165  43:46  Siege Tank  
  165  43:47  Siege Tank  
  171  43:51  Marauder, Battlecruiser  
  171  43:57  Viking  
  173  44:28  Viking  
  175  44:55  Viking  
  175  44:58  Medivac  
  179  45:25  Viking  
  179  45:28  Viking  
  183  45:55  Battlecruiser  
  189  45:58  Viking  
  191  46:28  Viking  
  181  46:58  Viking  
  181  46:59  Viking  
  179  47:27  Viking  
  179  47:29  Battlecruiser  
  177  47:57  Viking  
  157  48:14  Marine  
  157  48:16  Marine  
  157  48:17  Marine  
  157  48:18  Marine  
  157  48:19  Marine  
  141  48:24  Thor, Hellion  
  141  48:25  Hellion  
  137  48:29  Widow Mine  
  137  48:32  Viking  
  139  48:35  Viking  
  141  48:53  Marine  
  141  48:55  Marauder  
  144  48:56  Thor  
  144  48:57  Thor  
  144  48:59  Hellion  
  144  49:02  Medivac, Marine  
  158  49:03  Marine  
  158  49:05  Viking  
  164  49:15  Hellion  
  166  49:32  Medivac  
  166  49:35  Raven  
  170  49:42  Marauder  
  170  49:44  Marauder  
  168  50:02  Viking  
  155  50:09  Battlecruiser  
  146  50:23  Marauder  
  146  50:24  Marauder  
  150  50:32  Viking  
  142  50:59  Marauder  
  142  51:02  Medivac  
  144  51:13  Viking  
  146  51:32  Viking  
  148  51:43  Viking  
  150  52:02  Viking  
  152  52:13  Viking  
  135  52:32  Viking  
  135  52:35  Marine  
  135  52:36  Marine  
  139  52:43  Viking  
  141  52:54  Marauder  
  143  53:02  Viking  
  145  60:41  Raven  
Show
View Real Time Build Order
Export as new Build Order

作弊欄位(瘋狂) Terran 

Build Orders: 2 Factory, Mech 

Get SALT Encoding   

  12  0:01  SCV  
  13  0:13  SCV  
  14  0:18  Supply Depot  
  14  0:25  SCV  
  15  0:39  SCV  
  15  0:41  Barracks  
  16  0:51  SCV  
  17  1:03  SCV  
  18  1:06  Supply Depot  
  18  1:11  Refinery  
  18  1:16  SCV  
  19  1:28  SCV, Marine  
  21  1:40  SCV  
  21  1:45  Marine  
  23  1:50  Refinery  
  23  1:52  SCV  
  24  1:57  Barracks  
  24  2:03  Marine  
  24  2:04  SCV  
  26  2:10  Factory  
  26  2:16  SCV  
  26  2:21  Marine  
  26  2:22  Supply Depot  
  28  2:28  SCV  
  28  2:29  Factory  
  29  2:39  Marine  
  29  2:40  SCV  
  29  2:44  Marine  
  32  2:48  Barracks  
  32  2:52  SCV  
  32  2:57  Factory Tech Lab, Marine  
  34  3:04  SCV  
  35  3:10  Supply Depot  
  35  3:13  Factory Tech Lab  
  35  3:17  SCV  
  36  3:29  SCV  
  36  3:33  Siege Tank  
  40  3:34  Siege Tank  
  40  3:37  Supply Depot  
  40  3:41  SCV  
  44  3:44  Supply Depot  
  44  3:53  SCV  
  45  3:59  Marine  
  46  4:03  Supply Depot  
  46  4:05  SCV, Siege Tank  
  46  4:06  Siege Tank  
  46  4:07  Armory, Marine  
  54  4:17  SCV  
  55  4:26  Marine  
  55  4:28  Supply Depot  
  55  4:29  SCV  
  57  4:37  Siege Tank  
  60  4:38  Siege Tank  
  60  4:40  Armory  
  60  4:41  SCV  
  64  4:46  Supply Depot  
  64  4:52  Marine  
  65  4:53  SCV  
  65  4:59  Supply Depot  
  66  5:05  SCV  
  67  5:08  Barracks Tech Lab  
  67  5:09  Siege Tank  
  67  5:11  Hellion  
  72  5:18  SCV  
  73  5:23  Command Center  
  73  5:30  SCV  
  73  5:32  Hellion  
  73  5:34  Factory  
  76  5:41  Hellion  
  76  5:42  SCV  
  79  5:50  Terran Vehicle Weapons Level 1  
  79  5:52  Infernal Pre-Igniter, Terran Vehicle And Ship Armor Level 1  
  79  5:54  SCV, Hellion  
  82  6:00  Supply Depot  
  82  6:03  Hellion  
  84  6:05  Engineering Bay  
  84  6:06  SCV  
  85  6:15  Hellion  
  87  6:19  Barracks, Factory Tech Lab  
  87  6:23  Thor  
  93  6:27  Supply Depot  
  93  6:36  SCV x2, Missile Turret, Siege Tank  
  98  6:48  SCV  
  98  6:50  Thor  
  105  6:55  Refinery, Orbital Command  
  105  7:00  Missile Turret  
  105  7:05  Missile Turret  
  105  7:06  Refinery  
  105  7:18  Thor  
  111  7:26  Missile Turret  
  111  7:29  SCV x2  
  113  7:32  Supply Depot  
  113  7:34  Thor  
  113  7:36  Widow Mine  
  121  7:50  Starport  
  121  7:57  Missile Turret  
  121  7:58  Terran Vehicle Weapons Level 2, Widow Mine  
  123  8:00  Supply Depot  
  123  8:01  Hellion  
  125  8:10  Barracks Reactor  
  125  8:12  Barracks Tech Lab  
  125  8:16  Orbital Command  
  125  8:17  Hellion  
  125  8:18  Hi-Sec Auto Tracking  
  127  8:22  Hellion  
  127  8:24  Hellion  
  131  8:27  Supply Depot, Medivac  
  133  8:41  Engineering Bay  
  133  8:46  Cyclone  
  136  8:51  Starport  
  136  8:52  Cyclone  
  139  8:56  Marine  
  139  8:57  Medivac, Stimpack  
  139  8:58  Factory  
  139  9:02  Combat Shield  
  142  9:03  Supply Depot  
  142  9:07  Neosteel Armor  
  142  9:13  Missile Turret  
  142  9:15  Terran Infantry Weapons Level 1  
  142  9:24  Marine  
  142  9:26  Marine  
  142  9:27  Marine  
  142  9:29  Marine  
  142  9:30  Supply Depot, Starport Tech Lab, Medivac  
  148  9:36  Thor  
  154  9:40  Missile Turret  
  154  9:49  Medivac  
  154  9:52  Thor  
  162  9:58  Supply Depot  
  162  10:15  Medivac  
  162  10:20  Raven  
  166  10:24  Supply Depot  
  166  10:41  Marauder  
  168  10:45  Medivac  
  168  10:48  Marauder  
  172  10:52  Supply Depot  
  172  10:54  Raven  
  174  11:02  Marauder  
  176  11:10  Marauder  
  178  11:14  Medivac  
  178  11:18  Supply Depot  
  180  11:23  Marauder  
  182  11:28  Medivac  
  182  11:31  Marauder  
  186  11:45  Marauder  
  188  11:47  Supply Depot  
  188  11:52  Marauder  
  190  11:56  Fusion Core  
  190  12:04  Terran Infantry Weapons Level 2  
  190  12:06  Marauder  
  192  12:14  Marauder  
  194  12:24  Terran Vehicle Weapons Level 3  
  194  12:25  Concussive Shells  
  194  12:26  Terran Vehicle And Ship Armor Level 2  
  194  12:28  Marauder  
  194  12:29  Terran Infantry Armor Level 1  
  196  13:12  Marauder  
  198  13:14  Marauder  
  200  14:24  Terran Infantry Weapons Level 3  
  200  14:25  Terran Infantry Armor Level 2  
  200  14:43  Terran Vehicle And Ship Armor Level 3  
  200  16:21  Command Center  
  200  16:45  Terran Infantry Armor Level 3  
  200  17:24  Medivac  
  200  17:26  Marauder  
  200  17:28  Marauder  
  200  17:29  Medivac  
  178  17:48  Marauder  
  180  17:54  Medivac  
  180  17:56  Refinery, Orbital Command  
  178  17:59  Raven  
  175  18:11  Missile Turret  
  175  18:23  Marauder  
  175  18:24  Medivac  
  179  18:31  Marauder  
  179  18:33  Battlecruiser  
  160  18:48  Refinery  
  160  18:54  Viking  
  162  19:01  Marauder  
  164  19:18  Missile Turret  
  164  19:24  Marauder, Medivac  
  166  19:28  Marauder  
  170  19:34  Missile Turret  
  170  19:37  Raven  
  172  19:54  Medivac  
  172  19:55  Marauder  
  176  20:09  Marauder  
  176  20:12  Battlecruiser  
  176  20:23  Marauder  
  176  20:24  Medivac  
  169  20:29  Siege Tank  
  169  20:31  Marauder  
  164  20:45  Marauder  
  163  20:54  Medivac  
  157  21:04  Siege Tank  
  157  21:06  Siege Tank  
  163  21:13  Marauder  
  163  21:15  Marauder  
  163  21:16  Viking  
  169  21:24  Medivac  
  171  21:46  Raven  
  173  21:52  Marauder  
  175  21:54  Viking  
  177  22:07  Marauder  
  172  22:20  Medivac  
  174  22:24  Medivac  
  161  22:50  Battlecruiser, Siege Tank  
  160  22:52  Hellion  
  162  23:00  Medivac  
  164  23:30  Viking  
  166  23:40  Marauder  
  155  23:42  Marauder  
  155  23:47  Siege Tank  
  138  23:51  Siege Tank  
  138  23:54  Viking  
  143  24:00  Medivac  
  125  24:22  Siege Tank  
  131  24:24  Battlecruiser, Siege Tank  
  131  24:26  Marine  
  131  24:28  Siege Tank  
  131  24:29  Engineering Bay  
  141  24:35  Marine  
  139  24:39  Medivac  
  139  24:41  Marauder  
  139  24:43  Marauder  
  145  25:02  Marauder  
  147  25:09  Marauder, Viking  
  147  25:10  Missile Turret  
  151  25:25  Marauder  
  153  25:29  Battlecruiser  
  153  25:31  Armory  
  159  25:39  Viking  
  159  25:42  Supply Depot  
  157  25:44  Marine  
  157  25:46  Marine  
  139  25:50  Marauder  
  139  25:55  Marauder  
  131  26:09  Viking  
  127  26:20  Siege Tank  
  127  26:24  Armory  
  124  26:26  Siege Tank  
  124  26:27  Marine  
  124  26:29  Siege Tank  
  124  26:32  Viking, Supply Depot, Marine  
  131  26:35  Marauder  
  131  26:39  SCV  
  135  26:41  Viking  
  135  26:44  SCV  
  137  26:50  Engineering Bay  
  137  26:55  SCV  
  137  26:57  Missile Turret  
  137  26:58  Marauder  
  140  27:01  Marauder  
  140  27:02  Viking  
  140  27:04  Supply Depot  
  144  27:11  Viking  
  144  27:13  Missile Turret  
  146  27:21  Marauder  
  147  27:27  SCV  
  148  27:32  Viking  
  148  27:33  Marauder, Supply Depot  
  152  27:41  Viking  
  152  27:43  Marauder  
  131  27:49  SCV  
  86  27:55  SCV  
  86  27:57  SCV  
  74  28:01  SCV  
  74  28:05  Marine  
  75  28:07  SCV  
  75  28:09  SCV, Siege Tank  
  75  28:11  Hellion  
  82  28:14  Widow Mine  
  82  28:15  Marine  
  85  28:20  Hellion  
  85  28:23  Medivac  
  85  28:25  Marine  
  90  28:27  Raven  
  90  28:32  Hellion  
  90  28:33  Marine  
  95  28:35  Thor  
  95  28:39  Missile Turret  
  103  28:41  Hellion  
  103  28:42  Marine  
  104  28:49  Hellion  
  104  28:50  Marine, Ghost Academy  
  104  28:54  Hellion  
  109  28:56  Marine  
  109  29:00  Marine  
  109  29:02  Hellion  
  113  29:04  Marine  
  113  29:06  Marine  
  113  29:09  SCV  
  112  29:11  Supply Depot, SCV  
  112  29:13  Marine  
  112  29:15  Marine  
  115  29:19  Marine  
  115  29:21  Marine  
  117  29:24  Marine  
  117  29:30  Battlecruiser  
  124  29:46  Supply Depot  
  124  29:48  SCV  
  124  29:52  SCV  
  94  29:54  SCV  
  72  30:00  SCV  
  72  30:04  SCV  
  72  30:06  SCV, Marine  
  75  30:08  Marine  
  75  30:11  Marauder  
  78  30:14  Marauder  
  78  30:17  SCV  
  81  30:22  Siege Tank  
  81  30:24  Siege Tank  
  81  30:27  Siege Tank  
  90  30:33  Viking  
  90  30:34  Raven  
  94  30:43  SCV  
  94  30:45  SCV  
  94  30:47  Marauder  
  94  31:03  Viking  
  88  31:07  SCV  
  88  31:08  Viking  
  88  31:09  SCV  
  88  31:11  SCV  
  90  31:17  Marine  
  91  31:19  SCV, Marine  
  91  31:21  SCV, Marine  
  91  31:23  Marauder  
  97  31:33  Viking  
  97  31:36  SCV  
  97  31:38  Viking  
  97  31:39  Marauder  
  104  32:03  Viking  
  104  32:06  SCV  
  104  32:08  Viking  
  108  32:09  Marauder  
  108  32:13  Marauder  
  81  32:44  Marine  
  69  32:46  SCV  
  69  32:48  Marine  
  66  32:51  Siege Tank  
  69  33:01  Marine  
  69  34:39  Marine  
  69  34:40  Marine  
Show
View Real Time Build Order
Export as new Build Order

作弊欄位(瘋狂) Terran 

Build Orders: 2 Factory, Mech 

Get SALT Encoding   

  12  0:01  SCV  
  13  0:13  SCV  
  14  0:18  Supply Depot  
  14  0:25  SCV  
  15  0:39  SCV  
  15  0:41  Barracks  
  16  0:51  SCV  
  17  1:03  SCV  
  18  1:06  Supply Depot  
  18  1:11  Refinery  
  18  1:15  SCV  
  19  1:28  SCV, Marine  
  21  1:40  SCV  
  21  1:45  Marine  
  23  1:50  Refinery  
  23  1:52  SCV  
  24  1:57  Barracks  
  24  2:03  Marine  
  24  2:04  SCV  
  26  2:11  Factory  
  26  2:16  SCV  
  26  2:21  Marine  
  28  2:22  Supply Depot  
  28  2:28  SCV  
  28  2:29  Factory  
  29  2:39  Marine  
  29  2:40  SCV  
  29  2:44  Marine  
  31  2:47  Barracks  
  32  2:52  SCV  
  32  2:55  Factory Tech Lab  
  32  2:57  Marine  
  34  3:04  SCV  
  35  3:12  Supply Depot, Factory Tech Lab  
  35  3:16  SCV  
  36  3:29  SCV  
  36  3:34  Siege Tank  
  40  3:35  Siege Tank  
  40  3:37  Supply Depot  
  40  3:41  SCV  
  44  3:43  Supply Depot  
  44  3:53  SCV  
  45  4:00  Marine  
  46  4:04  Supply Depot  
  46  4:05  SCV  
  46  4:06  Marine, Siege Tank  
  46  4:07  Armory, Siege Tank  
  54  4:17  SCV  
  55  4:27  Supply Depot, Marine  
  55  4:29  SCV  
  57  4:38  Siege Tank  
  60  4:39  Siege Tank  
  60  4:40  Armory  
  60  4:41  SCV  
  60  4:45  Supply Depot  
  64  4:51  Marine  
  65  4:53  SCV  
  65  4:58  Supply Depot  
  66  5:05  SCV  
  67  5:09  Barracks Tech Lab  
  67  5:10  Hellion  
  67  5:11  Siege Tank  
  72  5:17  SCV  
  73  5:26  Command Center  
  73  5:28  Factory  
  73  5:30  SCV  
  73  5:31  Hellion  
  76  5:40  Terran Vehicle Weapons Level 1  
  76  5:41  Terran Vehicle And Ship Armor Level 1  
  76  5:42  SCV, Infernal Pre-Igniter  
  77  5:43  Hellion  
  79  5:53  Hellion  
  79  5:54  SCV  
  82  5:59  Supply Depot  
  82  6:05  Engineering Bay, Hellion  
  82  6:06  SCV  
  85  6:12  Factory Tech Lab  
  85  6:14  Thor  
  91  6:20  Barracks  
  91  6:26  Hellion  
  91  6:29  Supply Depot  
  91  6:30  Thor  
  99  6:35  Missile Turret  
  99  6:39  SCV  
  100  6:40  SCV  
  101  6:47  Siege Tank  
  104  6:58  Refinery, Orbital Command  
  104  7:04  Command Center  
  104  7:10  Missile Turret  
  104  7:13  Thor  
  104  7:14  Missile Turret  
  110  7:17  Refinery  
  110  7:35  Terran Vehicle Weapons Level 2  
  110  7:37  Missile Turret  
  110  7:49  Thor  
  110  7:51  Widow Mine  
  118  7:54  Supply Depot  
  118  7:56  Widow Mine  
  120  7:59  Missile Turret  
  120  8:07  Starport  
  120  8:16  Barracks Reactor  
  120  8:17  Barracks Tech Lab, Hellion  
  120  8:18  SCV  
  120  8:19  SCV  
  124  8:20  SCV  
  124  8:25  Hellion  
  124  8:26  Marine  
  128  8:28  Refinery  
  128  8:30  SCV, Hi-Sec Auto Tracking, Stimpack  
  128  8:32  Hellion  
  128  8:33  SCV  
  128  8:34  SCV  
  133  8:38  Hellion  
  133  8:39  Combat Shield  
  133  8:40  Missile Turret  
  135  8:43  SCV  
  135  8:46  SCV  
  135  8:47  SCV  
  138  8:49  Medivac  
  138  8:52  Missile Turret  
  138  8:55  SCV  
  141  8:58  SCV  
  141  9:00  SCV  
  143  9:07  SCV  
  144  9:10  Supply Depot, SCV  
  144  9:16  SCV  
  146  9:18  Engineering Bay  
  146  9:19  SCV, Medivac  
  149  9:27  Terran Infantry Armor Level 1  
  149  9:28  Orbital Command  
  149  9:33  SCV  
  149  9:34  SCV  
  151  9:40  Starport  
  151  9:44  Neosteel Armor  
  151  9:45  SCV  
  152  9:46  SCV  
  153  9:52  Missile Turret  
  153  9:53  Starport Tech Lab, Terran Vehicle And Ship Armor Level 2  
  153  9:57  SCV  
  153  9:58  Terran Vehicle Weapons Level 3  
  154  10:07  Missile Turret  
  154  10:13  Orbital Command  
  154  10:14  Raven  
  156  10:19  Supply Depot  
  156  10:30  Factory  
  156  10:40  Missile Turret  
  156  10:44  Marauder  
  156  10:45  Marauder  
  156  10:49  Refinery  
  160  10:52  Supply Depot  
  160  11:05  Marauder  
  160  11:07  Marauder  
  160  11:09  Command Center  
  164  11:14  Raven  
  164  11:17  SCV  
  167  11:18  SCV  
  167  11:19  Supply Depot  
  167  11:20  Medivac  
  167  11:21  SCV  
  171  11:26  Marauder  
  171  11:32  Terran Infantry Weapons Level 1  
  173  11:47  Supply Depot  
  173  11:48  Medivac  
  173  11:49  Medivac  
  177  12:09  Marauder  
  177  12:13  Marauder  
  181  12:16  Supply Depot  
  181  12:17  Medivac  
  181  12:19  Medivac  
  185  12:23  SCV  
  185  12:25  Refinery  
  186  12:31  Marauder  
  186  12:34  Marauder  
  190  12:41  Planetary Fortress, Refinery  
  190  12:47  Viking  
  190  12:49  Viking  
  190  12:50  Missile Turret  
  194  12:52  Marauder  
  194  12:56  Marauder  
  198  12:58  Missile Turret  
  198  13:15  Missile Turret  
  198  13:17  Viking  
  200  13:23  Concussive Shells  
  200  13:29  Terran Infantry Armor Level 2  
  200  13:33  Terran Vehicle And Ship Armor Level 3  
  200  13:36  Terran Infantry Weapons Level 2  
  200  14:58  Medivac  
  198  15:11  Medivac  
  198  15:13  Marine  
  163  15:15  Marine  
  163  15:17  Marine  
  163  15:19  Marine  
  150  15:29  Raven  
  150  15:33  Marine  
  145  15:37  Marine  
  145  15:39  Fusion Core  
  145  15:40  Hellion  
  145  15:42  Thor  
  154  15:44  Hellion  
  154  15:45  Widow Mine  
  158  15:51  Marine  
  158  15:55  Marine  
  160  16:01  Marine, Widow Mine  
  160  16:02  Liberator  
  160  16:04  Marine  
  161  16:05  Hellion  
  161  16:07  Widow Mine, Raven  
  167  16:12  Marauder  
  159  16:20  Marine  
  159  16:22  Marauder  
  159  16:23  Marine, Widow Mine  
  165  16:30  Cyclone  
  165  16:32  Hellion  
  168  16:33  Thor  
  174  16:41  Medivac  
  174  16:45  Viking  
  178  17:05  Marauder  
  178  17:07  Marauder  
  182  17:11  Medivac  
  182  17:15  Viking  
  186  17:27  Marauder  
  188  17:41  Medivac  
  188  17:45  Medivac  
  190  18:11  Medivac  
  192  18:15  Medivac  
  184  18:22  Marauder  
  184  18:26  Marauder  
  183  18:41  Medivac  
  185  18:45  Medivac  
  185  18:46  Marauder  
  181  18:49  Marauder  
  166  19:11  Medivac  
  166  19:12  Marauder  
  166  19:13  Marauder  
  166  19:15  Medivac  
  166  19:28  Marine  
  166  19:29  Marine  
  159  19:36  Hellion  
  161  19:41  Viking  
  161  19:45  Medivac  
  165  19:54  Marauder  
  158  20:00  Marine  
  158  20:02  Marine  
  158  20:03  Marine  
  158  20:06  Marine  
  154  20:11  Viking, Siege Tank  
  154  20:13  Hellion  
  161  20:15  Viking  
  161  20:41  Medivac  
  161  20:42  Marine  
  164  20:45  Marauder, Medivac  
  161  21:09  Marauder  
  161  21:11  Raven  
  165  21:15  Medivac  
  167  21:30  Marauder  
  161  21:34  Marauder  
  161  21:37  Siege Tank  
  161  21:39  Hellion  
  161  21:42  Thor  
  161  21:44  Marine  
  161  21:45  Battlecruiser  
  174  21:50  Medivac  
  176  22:08  Marauder  
  166  22:16  Marauder  
  166  22:20  Viking  
  168  22:26  Marine  
  161  22:48  Marine  
  161  22:49  Medivac  
  161  22:50  Marauder, Medivac  
  157  23:12  Marauder  
  157  23:15  Marauder  
  157  23:19  Viking  
  161  23:20  Viking  
  163  23:38  Marauder  
  165  23:49  Medivac, Battlecruiser  
  173  24:19  Marauder, Medivac  
  173  24:20  Marauder  
  174  24:42  Marauder  
  174  24:44  Marauder  
  178  24:49  Viking  
  180  24:53  Raven  
  164  25:12  Siege Tank  
  157  25:15  Hellion  
  157  25:16  Marine  
  157  25:18  Marine  
  157  25:19  Viking  
  162  25:27  Viking  
  164  25:49  Medivac  
  164  25:58  Battlecruiser  
  170  26:19  Medivac  
  157  26:42  Siege Tank  
  157  26:43  Cyclone  
  157  26:45  Siege Tank  
  160  26:50  Medivac  
  162  27:02  Raven  
  164  27:20  Medivac  
  166  27:36  Medivac  
  168  27:50  Viking  
  170  28:06  Viking  
  172  28:18  Hellion  
  154  28:20  SCV, Medivac  
  154  28:21  SCV  
  154  28:23  Widow Mine  
  154  28:26  Hellion  
  162  28:36  Viking  
  164  28:50  Viking  
  156  28:56  SCV  
  156  28:58  SCV  
  156  29:00  SCV  
  156  29:02  SCV  
  154  29:05  Thor  
  154  29:06  Viking, Marine  
  157  29:16  Marine  
  152  29:17  Thor  
  152  29:20  Viking  
  160  29:29  Siege Tank  
  156  29:33  SCV  
  156  29:34  Hellion  
  156  29:36  Medivac  
  150  29:50  Medivac  
  150  29:51  Marine  
  139  29:54  Marauder  
  139  29:55  Marine  
  139  29:57  Marine  
  139  29:59  Thor  
  149  30:01  Marine  
  149  30:06  Liberator  
  153  30:07  Thor  
  153  30:09  Marine  
  160  30:15  Widow Mine  
  160  30:20  Medivac  
  164  30:23  Hellion  
  162  30:48  Medivac, Siege Tank  
  167  30:50  Medivac  
  169  31:08  SCV  
  167  31:18  Medivac  
  167  31:22  Viking  
  169  31:48  Viking  
  169  31:52  Viking  
  173  32:19  Raven  
  173  32:22  Viking  
  177  32:52  Viking  
  177  32:53  Raven  
  181  33:22  Viking  
  183  33:27  Viking  
  185  33:52  Viking  
  187  33:57  Medivac  
  189  34:22  Viking  
  187  34:27  Viking  
  189  34:52  Medivac  
  191  34:57  Medivac  
  193  35:22  Viking  
  193  35:27  Viking  
  197  35:52  Viking  
  199  36:51  Terran Infantry Weapons Level 3  
  199  36:53  Terran Ship Weapons Level 1  
  199  36:57  Medivac  
  199  36:58  Medivac  
  187  37:27  Medivac  
  187  37:28  Viking  
  191  37:57  Viking  
  193  37:58  Medivac  
  195  38:27  Medivac  
  195  38:28  Medivac  
  195  38:31  Terran Infantry Armor Level 3  
  199  38:48  Terran Ship Weapons Level 2  
  199  39:45  Medivac  
  198  39:46  Medivac  
  170  40:13  Hellion  
  172  40:15  Raven  
  172  40:16  Viking  
  176  40:45  Siege Tank  
  176  40:46  Viking  
  176  40:49  Battlecruiser  
  187  41:16  Viking  
  189  41:46  Viking  
  191  41:53  Viking  
  193  42:16  Viking  
  193  42:23  Viking  
  185  42:46  Viking  
  185  42:49  Marauder  
  166  42:53  Raven  
  166  42:54  Marauder  
  150  43:05  Siege Tank  
  145  43:06  Siege Tank  
  145  43:08  Hellion  
  145  43:10  Marauder  
  145  43:12  Siege Tank  
  138  43:13  Marine  
  138  43:19  Viking  
  141  43:25  Marauder  
  143  43:27  Medivac  
  143  43:33  Hellion  
  147  43:37  Widow Mine  
  147  43:38  Siege Tank  
  152  43:49  Medivac  
  152  43:51  Thor  
  152  43:54  Marauder  
  162  43:57  Medivac  
  164  44:19  Viking  
  166  44:27  Medivac  
  166  44:29  Marauder  
  170  44:33  Marauder  
  172  44:49  Medivac  
  172  44:50  Marauder  
  176  44:54  Marauder  
  176  44:57  Viking  
  180  45:19  Viking  
  174  45:27  Medivac  
  170  45:32  Marauder  
  170  45:33  Marauder  
  150  45:37  Siege Tank  
  150  45:39  Widow Mine  
  150  45:40  Cyclone  
  150  45:41  Hellion  
  154  45:49  Viking  
  156  45:54  Marine  
  156  45:56  Marine  
  158  45:57  Medivac  
  158  46:03  Hellion  
  162  46:06  Widow Mine  
  164  46:19  Medivac  
  166  46:27  Viking  
  168  46:49  Viking  
  170  46:57  Medivac  
  172  47:19  Medivac  
  174  47:27  Battlecruiser  
  180  47:49  Viking  
  170  48:01  Marauder  
  170  48:03  Siege Tank  
  170  48:04  Marauder  
  143  48:06  Siege Tank  
  143  48:07  Hellion  
  143  48:08  Widow Mine  
  150  48:16  Marine  
  150  48:19  Viking  
  140  48:21  Marine  
  140  48:22  Marine  
  140  48:23  Marauder  
  140  48:25  Marine  
  141  48:31  Battlecruiser  
  141  48:34  Marine  
  147  48:38  Hellion  
  150  48:46  Widow Mine  
  150  48:48  Widow Mine  
  154  48:49  Thor  
  154  48:55  Viking  
  162  49:07  Marauder  
  162  49:09  Marauder  
  156  49:13  Siege Tank  
  159  49:25  Medivac  
  159  49:29  Marauder  
  163  49:35  Medivac  
  165  49:39  Marauder  
  167  49:55  Medivac  
  167  49:58  Marauder  
  171  50:02  Marauder  
  171  50:05  Viking  
  175  50:20  Marauder  
  177  50:25  Medivac  
  173  50:35  Viking  
  161  50:55  Viking  
  157  50:59  Siege Tank  
  157  51:01  Siege Tank  
  157  51:03  Hellion  
  157  51:04  Marine, Hellion  
  159  51:06  Raven  
  162  51:24  Medivac  
  164  51:37  Marine  
  164  51:39  Marine  
  166  51:40  Battlecruiser  
  166  51:45  Marauder  
  159  51:54  Viking  
  159  52:24  Viking  
  159  52:43  Siege Tank  
  156  52:44  Battlecruiser, Widow Mine  
  162  52:54  Medivac  
  164  53:24  Medivac  
  166  53:48  Viking  
  166  53:54  Medivac  
  166  54:18  Medivac  
  168  54:24  Medivac  
  165  54:33  Marauder  
  154  54:40  Hellion  
  154  54:41  Marauder  
  154  54:48  Viking  
  156  54:54  Medivac  
  156  54:55  Marauder  
  160  55:14  Marine  
  161  55:18  Battlecruiser  
  167  55:24  Viking  
  169  55:54  Viking  
  171  56:22  Medivac  
  171  56:24  Viking  
  173  56:52  Viking  
  169  56:54  Medivac  
  158  57:18  Marauder  
  158  57:20  Hellion  
  158  57:21  Marine  
  158  57:22  Viking, Hellion  
  150  57:24  Viking  
  150  57:27  Marauder  
  154  57:40  Marauder  
  156  57:49  Marauder  
  158  57:52  Raven  
  158  57:54  Viking  
  162  58:24  Viking  
  166  58:27  Raven  
  166  58:54  Medivac  
  168  59:01  Medivac  
  136  61:56  Marine  
  128  78:59  Marine  
  121  80:32  Marine  
  121  80:34  Marine  
  121  82:34  Marine  
  122  83:01  Hellion  
  124  83:11  Marine  
  125  83:13  Marine  
  125  83:16  Marine  
  125  83:18  Marine  
  125  83:19  Marine  
  122  85:41  Marine  
  118  85:44  Hellion  
  116  85:50  Hellion  
  116  85:55  Marine  
  116  85:56  Marine  
  85  85:57  Marine x2  
  85  85:59  Marine  
  39  86:06  Hellion  
  37  86:12  Marine  
  37  86:15  Marine  
  37  86:16  Hellion  
  28  88:32  Marine  
  26  88:35  Marine x2  
  26  89:17  Marine x2  
  26  89:20  Marine  
  26  89:22  Hellion  
  26  89:23  Marine, Hellion  
  27  89:47  Marine  
  27  89:48  Marine x2  
  27  89:51  Marine  
  28  89:53  Hellion  
  28  92:33  Marine  
  28  92:34  Marine  
  28  92:35  Marine  
  28  92:36  Marine  
  20  92:51  Marine  
  20  92:52  Marine  
  20  92:54  Marine  
  20  92:55  Marine  
  24  95:41  Marine  
Show
View Real Time Build Order
Export as new Build Order

作弊欄位(瘋狂) Terran 

Build Orders: 2 Factory, Mech 

Get SALT Encoding   

  12  0:01  SCV  
  13  0:13  SCV  
  14  0:17  Supply Depot  
  14  0:25  SCV  
  15  0:39  SCV  
  16  0:42  Barracks  
  16  0:51  SCV  
  17  1:03  SCV  
  18  1:08  Supply Depot  
  18  1:11  Refinery  
  18  1:15  SCV  
  19  1:27  SCV  
  19  1:29  Marine  
  21  1:39  SCV  
  22  1:47  Marine  
  22  1:49  Refinery  
  22  1:51  SCV  
  24  1:56  Barracks  
  24  2:03  SCV  
  24  2:05  Marine  
  26  2:10  Factory  
  26  2:15  SCV  
  26  2:22  Supply Depot  
  27  2:23  Marine  
  27  2:28  Factory, SCV  
  29  2:40  SCV, Marine  
  29  2:43  Marine  
  32  2:47  Barracks  
  32  2:52  SCV  
  32  2:55  Factory Tech Lab  
  33  2:58  Marine  
  33  3:04  SCV  
  35  3:11  Supply Depot  
  35  3:14  Factory Tech Lab  
  35  3:16  SCV  
  36  3:28  SCV  
  36  3:33  Siege Tank  
  40  3:35  Siege Tank  
  40  3:37  Supply Depot  
  40  3:40  SCV  
  44  3:44  Supply Depot  
  44  3:52  SCV  
  45  3:59  Marine  
  46  4:04  Supply Depot, SCV  
  46  4:05  Siege Tank  
  46  4:06  Armory  
  46  4:07  Marine, Siege Tank  
  54  4:16  SCV  
  55  4:28  Marine  
  55  4:29  Supply Depot, SCV  
  57  4:37  Siege Tank  
  60  4:39  Siege Tank  
  60  4:41  SCV  
  60  4:42  Armory  
  64  4:46  Supply Depot  
  64  4:52  Marine  
  65  4:53  SCV  
  65  4:58  Supply Depot  
  66  5:05  SCV  
  67  5:08  Barracks Tech Lab  
  67  5:09  Siege Tank  
  67  5:11  Hellion  
  72  5:17  SCV  
  73  5:28  Factory  
  73  5:29  SCV  
  73  5:33  Hellion  
  73  5:34  Command Center  
  76  5:41  SCV  
  76  5:42  Hellion  
  79  5:52  Terran Vehicle Weapons Level 1  
  79  5:53  SCV, Infernal Pre-Igniter, Terran Vehicle And Ship Armor Level 1  
  79  5:54  Hellion  
  82  6:01  Supply Depot  
  82  6:03  Hellion  
  84  6:04  Engineering Bay  
  84  6:05  SCV  
  85  6:12  Factory Tech Lab  
  85  6:15  Hellion  
  87  6:19  Barracks  
  87  6:24  Thor  
  93  6:28  Supply Depot  
  93  6:30  Siege Tank  
  96  6:35  Missile Turret  
  96  6:49  SCV  
  96  6:50  Thor  
  103  7:06  Refinery, Orbital Command  
  103  7:12  Missile Turret  
  103  7:14  Thor  
  109  7:18  Missile Turret  
  109  7:19  Refinery  
  109  7:38  Thor  
  109  7:40  Missile Turret  
  109  7:41  Widow Mine  
  109  7:42  SCV  
  109  7:43  SCV  
  119  7:44  Supply Depot  
  119  7:53  Terran Vehicle Weapons Level 2  
  119  7:58  Widow Mine  
  121  8:04  Starport  
  121  8:07  Missile Turret, Hellion  
  121  8:09  Supply Depot  
  123  8:16  Barracks Reactor  
  123  8:18  Barracks Tech Lab  
  123  8:19  Hellion  
  125  8:21  Hellion  
  125  8:24  Hi-Sec Auto Tracking  
  125  8:26  Orbital Command  
  127  8:32  Hellion  
  129  8:35  Supply Depot  
  129  8:40  Medivac  
  131  8:42  Engineering Bay  
  131  8:51  Factory  
  131  8:53  Cyclone  
  134  8:58  Cyclone  
  134  9:00  Marine  
  134  9:02  Starport  
  138  9:06  Stimpack  
  138  9:07  Supply Depot  
  138  9:10  Combat Shield  
  138  9:11  Starport Tech Lab  
  138  9:14  Terran Infantry Weapons Level 1  
  138  9:21  Neosteel Armor  
  138  9:29  Medivac  
  138  9:31  Marine  
  141  9:32  Marine  
  141  9:33  Supply Depot, Marine  
  141  9:34  Marine  
  141  9:36  Thor  
  141  9:38  Medivac  
  152  9:40  Missile Turret  
  152  9:55  Thor  
  152  9:58  Supply Depot  
  152  9:59  Marauder, Raven  
  164  10:00  Widow Mine  
  164  10:04  Missile Turret  
  164  10:08  Viking  
  166  10:24  Marauder x2  
  166  10:26  Supply Depot  
  170  10:33  Medivac  
  172  10:42  Terran Vehicle Weapons Level 3  
  172  10:45  Marauder  
  176  10:50  Marauder  
  176  10:52  Supply Depot  
  176  11:04  Raven  
  178  11:06  Marauder  
  178  11:08  Terran Infantry Armor Level 1  
  182  11:11  Marauder, Terran Infantry Weapons Level 2  
  182  11:19  Supply Depot  
  182  11:28  Marauder  
  186  11:32  Marauder  
  186  11:49  Marauder  
  186  11:50  Supply Depot  
  190  11:54  Marauder  
  190  11:56  Fusion Core  
  190  12:10  Marauder  
  190  12:15  Marauder  
  194  12:27  Concussive Shells  
  194  12:32  Marauder  
  194  12:34  Terran Vehicle And Ship Armor Level 2  
  196  13:13  Medivac  
  196  13:15  Medivac  
  200  13:22  Terran Infantry Armor Level 2  
  200  13:31  Terran Infantry Weapons Level 3  
  200  14:55  Terran Vehicle And Ship Armor Level 3  
  200  15:39  Terran Infantry Armor Level 3  
  200  24:49  Medivac  
  196  25:05  Medivac  
  188  25:09  Marauder  
  188  25:13  Marauder  
  190  25:19  Viking  
  192  25:33  Marauder  
  192  25:35  Viking  
  196  25:49  Raven  
  198  26:05  Medivac  
  200  26:52  Raven  
  200  27:29  Raven  
  197  28:02  Medivac  
  197  28:03  Raven  
  197  28:04  Marauder  
  185  28:08  Marauder  
  179  28:25  Marauder  
  181  28:30  Marauder  
  181  28:32  Viking  
  185  28:37  Viking  
  185  29:02  Medivac  
  187  29:07  Medivac  
  185  29:28  Marauder  
  185  29:29  Marauder  
  178  29:33  Viking  
  178  29:37  Viking  
  182  29:54  Marauder  
  184  30:02  Marauder  
  184  30:03  Medivac  
  188  30:07  Viking  
  190  30:33  Viking  
  192  30:37  Viking  
  192  30:53  Marauder  
  192  30:54  Marauder  
  189  31:03  Viking  
  191  31:07  Viking  
  193  31:14  Marauder  
  195  31:33  Viking  
  195  31:37  Raven  
  195  31:39  Terran Ship Weapons Level 1  
  191  32:08  Marauder  
  191  32:10  Viking  
  191  32:11  Raven  
  195  32:40  Viking  
  195  32:45  Viking  
  193  33:10  Viking  
  185  33:14  Marauder  
  185  33:15  Marauder, Medivac  
  189  33:35  Marauder  
  189  33:40  Marauder, Viking  
  183  33:45  Viking  
  185  33:57  Marauder  
  185  34:01  Marauder  
  185  34:04  Siege Tank  
  185  34:10  Viking  
  185  34:15  Viking, Siege Tank  
  185  34:19  Marauder  
  177  34:32  Marauder  
  177  34:40  Viking, Marauder  
  177  34:45  Viking  
  175  34:51  Marine  
  168  34:53  Marauder, Marine  
  159  35:02  Marauder, Marine  
  154  35:08  Siege Tank  
  154  35:09  Marine  
  154  35:10  Viking  
  160  35:15  Viking  
  160  35:19  Marauder  
  164  35:40  Viking  
  164  35:41  Marauder  
  168  35:43  Marauder  
  168  35:45  Battlecruiser  
  176  36:09  Viking  
  178  36:27  Marauder  
  178  36:29  Marauder  
  182  36:39  Viking  
  184  36:49  Viking  
  186  37:09  Medivac  
  188  37:19  Viking  
  186  37:39  Viking  
  188  37:49  Viking  
  190  38:09  Viking  
  192  38:19  Medivac  
  194  38:39  Medivac  
  196  38:49  Raven  
  198  39:09  Medivac  
  200  39:13  Terran Ship Weapons Level 2  
  200  40:24  Raven  
  194  40:29  Viking  
  168  40:58  Viking, Raven  
  172  41:28  Viking  
  172  41:32  Viking  
  174  41:58  Viking, Siege Tank  
  179  42:02  Battlecruiser  
  185  42:28  Viking  
  187  42:58  Viking  
  189  43:06  Raven  
  191  43:28  Viking  
  193  43:40  Viking  
  195  43:58  Viking  
  197  44:10  Viking  
  199  45:09  Viking  
  193  45:15  Viking  
  173  45:30  Marine  
  173  45:32  Marine  
  165  45:38  Hellion  
  165  45:39  Viking  
  165  45:41  Hellion  
  157  45:44  Marine  
  157  45:45  Viking, Marine  
  157  45:49  Hellion  
  135  45:50  Marine  
  135  45:54  Marine, Hellion  
  139  45:57  Marine  
  139  45:59  Hellion  
  139  46:01  Marine  
  139  46:02  Hellion  
  138  46:05  Marine  
  138  46:07  Marine  
  138  46:09  Viking  
  138  46:10  Hellion  
  144  46:15  Viking  
  144  46:17  Marine  
  147  46:24  Marine  
  148  46:36  Siege Tank  
  148  46:38  Marauder  
  148  46:39  Raven  
  139  51:15  Marine  
  124  51:18  Marine  
  124  51:21  Marine  
  124  51:22  Marine  
  127  64:13  Marine  
  122  64:17  Marine  
  122  64:18  Marine  
  122  64:21  Marine  
  121  75:22  Marine  
  121  75:28  Marine x2  
  115  75:29  Marine  
  115  75:30  Marine  
  116  75:40  Marine  
  117  80:04  Marine  
  115  80:09  Marine  
  115  80:11  Marine  
  115  80:12  Marine x2  
  112  80:22  Marine  
  113  81:14  Marine  
  113  81:18  Marine  
  111  81:19  Marine  
  111  81:20  Marine  
  111  81:21  Marine  
  112  81:32  Marine  
  111  82:16  Marine  
  111  82:17  Marine  
  113  85:03  Marine  
  104  86:13  Marine  
  104  86:14  Marine  
  104  86:15  Marine  
  104  86:16  Marine x2  
  78  86:22  Hellion  
  78  86:23  Hellion  
  78  86:24  Hellion x2  
  59  86:30  Marine  
  60  86:33  Marine  
  61  94:31  Marine  
  61  94:58  Marine  
  61  94:59  Marine  
  59  95:00  Hellion  
  59  95:05  Marine  
  59  95:06  Marine  
  60  95:07  Marine  
  60  95:13  Hellion  
  55  95:16  Marine x2  
  57  95:34  Marine  
  57  95:42  Marine  
  57  95:44  Marine  
Tags
 
Add a new tag
Caveats
  • Supply blocks, unpowered buildings, or Contaminate may cause inaccurate times.
  • Supply counts are checked every 10 seconds.